 Dungeon Crawl Stone Soup version 0.30-a0-772-g5528072125 (webtiles) character file.

Game seed: 1800894805539694521

19577678 miscthings the Conqueror (level 27, 346/346 HPs)
             Began as an Armataur Reaver on Feb 7, 2023.
             Was the Champion of the Shining One.
             Escaped with the Orb
             ... and 15 runes on Feb 13, 2023!
             The game lasted 05:12:22 (78357 turns).

miscthings the Conqueror (Armataur Reaver)         Turns: 78357, Time: 05:12:22

Health: 346/346    AC: 53    Str: 19 (20) XL:     27
Magic:  48/48      EV: 18    Int: 31 (33) God:    the Shining One [******]
Gold:   14783      SH: 22    Dex: 12 (13) Spells: 40/68 levels left

rFire   + . .      SeeInvis .    q - +9 eveningstar (holy)
rCold   + + +      Faith    .    N - +2 shield of Resistance {rF++ rC++ Will++}
rNeg    + + +      Spirit   .    z - +11 ice dragon scales "Ruzieg" {rElec rF- rC++ Str-3 Int+7 Dex+3}
rPois   +          Reflect  +    t - +1 helmet of Col Oleg {rElec Regen+}
rElec   +          Harm     .    G - +0 cloak "Seiho" {rPois Int+3}
rCorr   +          Roll     +    d - +0 pair of gloves of Giej {rPois Int+2}
Will    +++++      Rage     3%   Z - +4 barding {rF+}
Stlth   x                          - amulet "Musaocwa" {Reflect rF+ SH+5}
HPRegen 1.57/turn                J - ring of the Albatross {Will+ rCorr Slay+2 Stlth-}
MPRegen 0.31/turn                U - ring of Yredelemnul's Regard {rF+ EV+5 Str+2}

@: glowing, studying 2 skills
A: large, rugged brown scales 3, deformed body, armoured tail, roll, long
tongue, awkward tongue, iridescent scales 2, berserk 1, clumsy 1, deterioration
1, poison resistance, robust 2, no potion heal 1, heat vulnerability 3,
inability to drink after injury 1
0: Orb of Zot
}: 15/15 runes: serpentine, barnacled, slimy, silver, golden, iron, obsidian,
icy, bone, abyssal, demonic, glowing, magical, fiery, dark
a: Renounce Religion, Divine Shield, Cleansing Flame, Summon Divine Warrior


You escaped.
You worshipped the Shining One.
The Shining One was exalted by your worship.
You visited 18 branches of the dungeon, and saw 88 of its levels.
You visited Pandemonium 3 times, and saw 18 of its levels.
You visited the Abyss 6 times.
You visited 2 ziggurats, and saw 26 of their levels (deepest: 16).
You also visited: Ossuary, Gauntlet and Wizlab.

You collected 17479 gold pieces.
You spent 2696 gold pieces at shops.

Inventory:

Hand Weapons
 q - a +9 eveningstar of holy wrath (weapon)
 w - a +9 sacred scourge of holy wrath
Missiles
 f - 3 throwing nets
Armour
 a - the +3 pair of gloves of Okawaru's Favour {+Blink rPois rC++ Int-4}
   (Okawaru gifted it to you on level 2 of the Lair of Beasts)

   Int:       It affects your intelligence (-4).
   rC:        It greatly protects you from cold.
   rPois:     It protects you from poison.
   +Blink:    It lets you blink.
 d - the +0 pair of gloves of Giej (worn) {rPois Int+2}
   (You found it on level 8 of a ziggurat)

   Int:       It affects your intelligence (+2).
   rPois:     It protects you from poison.
 k - the +1 helmet of the Weaver {rC+ rCorr Stlth+}
   (You found it on level 5 of the Pits of Slime)

   rC:        It protects you from cold.
   rCorr:     It protects you from acid and corrosion.
   Stlth:     It makes you more stealthy.
 p - the +3 warlock's mirror {omnireflect}
   (You bought it in a shop on level 1 of the Orcish Mines)

   Omnireflect: It can block and reflect piercing ranged attacks and magical
   attacks against the wielder's willpower.
 t - the +1 helmet of Col Oleg (worn) {rElec Regen+}
   (Okawaru gifted it to you on level 4 of the Shoals)

   rElec:     It insulates you from electricity.
   Regen:     It increases your rate of health regeneration.
 z - the +11 ice dragon scales "Ruzieg" (worn) {rElec rF- rC++ Str-3 Int+7 Dex+3}
   (You found it on level 16 of a ziggurat)

   Str:       It affects your strength (-3).
   Int:       It affects your intelligence (+7).
   Dex:       It affects your dexterity (+3).
   rF:        It makes you vulnerable to fire.
   rC:        It greatly protects you from cold.
   rElec:     It insulates you from electricity.
 G - the +0 cloak "Seiho" (worn) {rPois Int+3}
   (You found it in a Gauntlet)

   Int:       It affects your intelligence (+3).
   rPois:     It protects you from poison.
 N - the +2 shield of Resistance (worn) {rF++ rC++ Will++}
   (You found it on level 11 of a ziggurat)

   rF:        It greatly protects you from fire.
   rC:        It greatly protects you from cold.
   Will:      It greatly increases your willpower.
 Q - quicksilver dragon scales
 R - the +0 pair of gloves of Maoruap {*Corrode rPois rC+ Int+3}
   (You found it in a Gauntlet)

   Int:       It affects your intelligence (+3).
   rC:        It protects you from cold.
   rPois:     It protects you from poison.
   *Corrode:  It may corrode you when you take damage.
 Z - a +4 barding of fire resistance (worn)
Jewellery
 h - the ring "Fontoiqe" {rC+ Will+ Str+4}
   (You found it on level 16 of a ziggurat)

   [ring of protection from cold]

   Str:       It affects your strength (+4).
   rC:        It protects you from cold.
   Will:      It increases your willpower.
 x - the amulet "Musaocwa" (around neck) {Reflect rF+ SH+5}
   (You found it on level 14 of a ziggurat)

   [amulet of reflection]

   It reflects blocked missile attacks.
   rF:        It protects you from fire.
   SH:        It affects your SH (+5).
 J - the ring of the Albatross (left hand) {Will+ rCorr Slay+2 Stlth-}
   (You found it on level 3 of the Elven Halls)

   [ring of willpower]

   Slay:      It affects your accuracy & damage with ranged weapons and melee
   (+2).
   rCorr:     It protects you from acid and corrosion.
   Will:      It increases your willpower.
   Stlth:     It makes you less stealthy.
 O - the ring of Biabaug {rC+ EV+5 Dex+4 Stlth-}
   (You found it on level 15 of a ziggurat)

   [ring of evasion]

   EV:        It affects your evasion (+5).
   Dex:       It affects your dexterity (+4).
   rC:        It protects you from cold.
   Stlth:     It makes you less stealthy.
 S - an amulet of regeneration
 U - the ring of Yredelemnul's Regard (right hand) {rF+ EV+5 Str+2}
   (You found it on level 5 of the Pits of Slime)

   [ring of evasion]

   EV:        It affects your evasion (+5).
   Str:       It affects your strength (+2).
   rF:        It protects you from fire.
Wands
 e - a wand of quicksilver (5)
 m - a wand of digging (16)
 r - a wand of mindburst (21)
 H - a wand of charming (31)
 T - a wand of iceblast (59)
Scrolls
 g - 5 scrolls of poison
 j - 13 scrolls of magic mapping
 o - 6 scrolls of blinking
 y - 13 scrolls of fog
 D - 20 scrolls of teleportation
 E - 14 scrolls of fear
 F - 6 scrolls of vulnerability
 I - 13 scrolls of immolation
 M - 3 scrolls of silence
 X - a scroll of summoning
Potions
 c - 15 potions of brilliance
 i - 24 potions of mutation
 l - 12 potions of lignification
 n - 2 potions of resistance
 s - 8 potions of attraction
 u - 11 potions of heal wounds
 v - a potion of ambrosia
 A - 3 potions of haste
 C - a potion of cancellation
 L - 20 potions of curing
 V - 10 potions of flight
 W - 4 potions of magic
Miscellaneous
 b - a lightning rod (4/4)
 K - a box of beasts
 P - a tin of tremorstones (2/2)
 Y - a phantom mirror


   Skills:
 O Level 27 Fighting
 * Level 26.2 Maces & Flails
 - Level 5.0 Throwing
 + Level 25.7 Armour
 + Level 20.6 Dodging
 + Level 20.9 Shields
 - Level 21.0 Spellcasting
 - Level 2.6 Conjurations
 O Level 27 Fire Magic
 * Level 20.3 Invocations
 - Level 12.0 Evocations


You had 40 spell levels left.
You knew the following spells:

 Your Spells              Type           Power      Damage    Failure   Level
a - Ignition              Fire           58%        3d16      1%          8
b - Momentum Strike       Conj/Tloc      80%        3d10      1%          2
c - Kiss of Death         Conj/Necr      100%       2d13      1%          1
d - Kindle Blastsparks    Fire/Tloc/Air  100%       2d18      1%          3
e - Starburst             Conj/Fire      45%        6d13      1%          6
f - Ignite Poison         Fire/Tmut/Pois 73%        N/A       1%          3
g - Fireball              Conj/Fire      45%        3d18      1%          5

Your spell library contained the following spells:

 Spells                   Type           Power      Damage    Failure   Level
 Scorch                   Fire           100%       2d10      0%          2
 Magic Dart               Conj           100%       1d8       1%          1
 Shock                    Conj/Air       100%       1d9       1%          1
 Searing Ray              Conj           98%        2d8       1%          2
 Inner Flame              Hex/Fire       86%        N/A       1%          3
 Flame Wave               Conj/Fire      90%        2d19      1%          4
 Sticky Flame             Conj/Fire      90%        2d10      1%          4
 Apportation              Tloc           64%        N/A       2%          1
 Beastly Appendage        Tmut           64%        N/A       2%          1
 Necrotise                Necr           100%       1d9       2%          1
 Sting                    Tmut/Pois      100%       1d8       2%          1
 Summon Small Mammal      Summ           100%       N/A       2%          1
 Blink                    Tloc           64%        N/A       3%          2
 Call Imp                 Summ           32%        N/A       3%          2
 Cigotuvi's Dreadful Rot  Necr/Pois/Air  64%        N/A       3%          2
 Ensorcelled Hibernation  Hex/Ice        64%        N/A       3%          2
 Lesser Beckoning         Tloc           64%        N/A       3%          2
 Passwall                 Tmut/Erth      26%        N/A       3%          2
 Poisonous Vapours        Pois/Air       64%        N/A       3%          2
 Sublimation of Blood     Necr           32%        N/A       3%          2
 Wereblood                Tmut           32%        N/A       3%          2
 Dazzling Flash           Conj/Hex       80%        N/A       4%          3
 Hailstorm                Conj/Ice       40%        3d10      4%          3
 Mephitic Cloud           Conj/Pois/Air  38%        N/A       4%          3
 Stone Arrow              Conj/Erth      80%        3d12      4%          3
 Call Canine Familiar     Summ           32%        N/A       7%          3
 Confusing Touch          Hex            32%        N/A       7%          3
 Frozen Ramparts          Ice            64%        1d10      7%          3
 Gell's Gravitas          Tloc           32%        N/A       7%          3
 Ozocubu's Armour         Ice            32%        N/A       7%          3
 Portal Projectile        Hex/Tloc       64%        N/A       7%          3
 Spider Form              Tmut/Pois      32%        N/A       7%          3
 Summon Guardian Golem    Hex/Summ       32%        N/A       7%          3
 Swiftness                Air            32%        N/A       7%          3
 Teleport Other           Tloc           32%        N/A       7%          3
 Tukima's Dance           Hex            32%        N/A       7%          3
 Vampiric Draining        Necr           32%        2d8       7%          3
 Vhi's Electric Charge    Tloc/Air       64%        N/A       7%          3
 Fulminant Prism          Conj/Hex       20%        3d12      14%         4
 Iskenderun's Mystic Bla  Conj/Tloc      40%        2d9       14%         4
 Iskenderun's Battlesphe  Conj           49%        2d10      22%         5
 Airstrike                Air            16%        2d(3-19)  24%         4
 Anguish                  Hex/Necr       16%        N/A       24%         4
 Animate Armour           Summ/Erth      64%        N/A       24%         4
 Animate Dead             Necr           32%        N/A       24%         4
 Cause Fear               Hex            16%        N/A       24%         4
 Dispel Undead            Necr           32%        3d14      24%         4
 Ice Form                 Ice/Tmut       32%        N/A       24%         4
 Leda's Liquefaction      Hex/Erth       16%        N/A       24%         4
 Manifold Assault         Tloc           32%        N/A       24%         4
 Olgreb's Toxic Radiance  Pois           32%        N/A       24%         4
 Passage of Golubria      Tloc           32%        N/A       24%         4
 Petrify                  Tmut/Erth      32%        N/A       24%         4
 Summon Ice Beast         Ice/Summ       32%        N/A       24%         4
 Summon Lightning Spire   Summ/Air       32%        N/A       24%         4
 Arcjolt                  Conj/Air       20%        1d30      36%         5
 Irradiate                Conj/Tmut      20%        3d18      36%         5
 Lightning Bolt           Conj/Air       20%        1d35      36%         5
 Freezing Cloud           Conj/Ice/Air   19%        6-21      43%         5
 Agony                    Necr           32%        N/A       54%         5
 Alistair's Intoxication  Tmut/Pois      21%        N/A       54%         5
 Blade Hands              Tmut           16%        N/A       54%         5
 Borgnjor's Vile Clutch   Necr/Erth      16%        N/A       54%         5
 Lee's Rapid Deconstruct  Erth           16%        3d10*     54%         5
 Metabolic Englaciation   Hex/Ice        16%        N/A       54%         5
 Silence                  Hex/Air        16%        N/A       54%         5
 Summon Forest            Summ/Tloc      16%        N/A       54%         5
 Summon Mana Viper        Hex/Summ       32%        N/A       54%         5
 Yara's Violent Unravell  Hex/Tmut       16%        3d8       54%         5
 Conjure Ball Lightning   Conj/Air       20%        3x3d6     91%         6
 Iron Shot                Conj/Erth      20%        9d5       91%         6
 Death Channel            Necr           16%        N/A       98%         6
 Dispersal                Tloc           16%        N/A       98%         6
 Eringya's Noxious Bog    Tmut/Pois      16%        N/A       98%         6
 Simulacrum               Ice/Necr       16%        N/A       98%         6
 Statue Form              Tmut/Erth      21%        N/A       98%         6
 Summon Cactus Giant      Summ           16%        N/A       98%         6
 Dragon Form              Tmut           16%        N/A       100%        7
 Enfeeble                 Hex            16%        N/A       100%        7
 Haunt                    Necr/Summ      16%        N/A       100%        7
 Malign Gateway           Summ/Tloc      16%        N/A       100%        7
 Orb of Destruction       Conj           24%        9d9       100%        7
 Ozocubu's Refrigeration  Ice            16%        4d11      100%        7
 Spellforged Servitor     Conj/Summ      20%        N/A       100%        7
 Storm Form               Tmut/Air       16%        N/A       100%        7
 Summon Hydra             Summ           16%        N/A       100%        7
 Discord                  Hex            16%        N/A       100%        8
 Disjunction              Tloc           16%        N/A       100%        8
 Infestation              Necr           16%        N/A       100%        8
 Lehudib's Crystal Spear  Conj/Erth      20%        10d6      100%        8
 Maxwell's Capacitive Co  Air            16%        ∞         100%        8
 Necromutation            Tmut/Necr      16%        N/A       100%        8
 Dragon's Call            Summ           16%        N/A       100%        9
 Polar Vortex             Ice            16%        N/A       100%        9


Dungeon Overview and Level Annotations

Branches:
Dungeon (15/15)            Temple (1/1) D:4            Lair (5/5) D:11
 Shoals (4/4) Lair:3        Snake (4/4) Lair:2        Slime (5/5) Lair:5
    Orc (2/2) D:10            Elf (3/3) Orc:2        Vaults (5/5) D:13
  Crypt (3/3) Vaults:3       Tomb (3/3) Crypt:3      Depths (4/4) D:15
   Hell (visited)             Dis (7/7) Hell            Geh (7/7) Hell
    Coc (7/7) Hell            Tar (7/7) Hell            Zot (5/5) Depths:4
Ossuary (visited)          WizLab (visited)         Gauntlet (visited)

Altars:
Ashenzari
Cheibriados
Dithmenos
Elyvilon
Fedhas
Gozag
Hepliaklqana
Kikubaaqudgha
Makhleb
Nemelex Xobeh
Okawaru
Qazlal
Ru
Sif Muna
Trog
Uskayaw
Vehumet
Wu Jian
Xom
Yredelemnul
Zin
The Shining One
Jiyva

Shops:
D:7 ![   D:8 [   D:12 (   Orc:1 [   Orc:2 ((:*   Elf:3 **   Shoals:4 =
Snake:2 ([?   Snake:4 ?([*!   Depths:2 (   Depths:4 (

Portals:
Hell: Depths:1 Depths:2 Depths:3 Depths:4
Abyss: Depths:3
Pandemonium: Depths:2

Annotations:
Elf:1 3 runed translucent doors, Dittersdorf's ghost, journeyman GrFi
Depths:2 1 runed translucent door


Innate Abilities, Weirdness & Mutations

You are completely covered in rugged brown scales. (AC +3, +7% HP)
Armour fits poorly on your strangely shaped body.
You have a long armoured tail.
You roll when moving toward enemies. (Rampage)
Your long tongue fully drains potion bottles. (2x potion effects)
Your tongue gives you trouble enunciating. (1.5x scroll delay)
You are mostly covered in iridescent scales. (AC +4)
You sometimes lose your temper in combat.
You are clumsy. (Dex -2)
Your body sometimes deteriorates upon taking damage.
Your system is resistant to poisons. (rPois)
You are very robust. (+20% HP)
Potions are less effective at restoring your health.
You are extremely vulnerable to heat. (rF---)
You occasionally lose the ability to drink potions when taking damage.


Message History

You block the Executioner's attack.
You hit the Executioner.
The Executioner convulses.
You tail-slap the Executioner!
The Executioner is moderately wounded.
The Executioner gestures.
The Executioner seems to speed up.
You impale the Executioner!!
The Executioner convulses.
Your tail-slap misses the Executioner.
The Executioner is heavily wounded.
The Executioner hits you but does no damage.
The Executioner barely misses you. You block the Executioner's attack.
The Executioner hits you but does no damage. x2
You block the Executioner's attack.
You impale the Executioner!!
You kill the Executioner!
The Shining One accepts your kill.
No target in view!
(D) Dungeon (T) Temple (L) Lair (A) Shoals (P) Snake Pit (M) Slime Pits (O) Orcish Mines (E) Elven Halls (V) Vaults (C) Crypt (W) Tomb (U) Depths (H) Hell (I) Dis (G) Gehenna (X) Cocytus (Y) Tartarus (Z) Zot
Where to? (Enter - D:1, ? - help)
What level of the Dungeon? (default 1, ? - help)
There is a stone staircase leading up here.
You climb upwards.
There is a stone staircase leading down here.
There is a stone staircase leading up here.
You climb upwards.
There is a stone staircase leading down here.
There is a stone staircase leading up here.
You climb upwards.
There is a stone staircase leading down here.
There is a stone staircase leading up here.
You climb upwards.
There is a stone staircase leading down here.
You see here 4 poisoned darts.
You enter the shallow water.
There is a staircase leading out of the dungeon here.
You have escaped!

......................# #.....#
...###......#########.###.....#
..###.......#########.........#
#.##...###..##≈§§≈≈##..##.....#
......##≈#..##≈§≈≈≈##...#.....#
..#..###≈#..##§§§§§##.........#
#...####≈#...§§§§≈.......##.###
...[# #.≈....8.§...8......~.~##
.#..###.~......§@...........~~#
##...##.~.....§.8........~...~##
#.#...####.............≈≈≈≈≈≈≈#
#.#####...............####..###
#.# ####..#..8..##### ##.# #.#
#.......## #.# #.#
#.##...######## #.# #.##
#.###.........# ##[#### #..##
#.# #########.###......


There were no monsters in sight!

Vanquished Creatures
  Cerebov (Pan)
  the Royal Jelly (Slime:5)
  Asmodeus (Geh:7)
  Ereshkigal (Tar:7)
  Gloorx Vloq (Pan)
  Mnoleg (Pan)
  the Serpent of Hell (Tar:7)
  8 dread liches
  The ghost of bronco the Pyromancer, a master BaGl of Vehumet (Zot:1)
  9 ancient liches
  Dispater (Dis:7)
  4 orbs of fire
  Mennas (Depths:3)
  19 royal mummies
  A Killer Klown (Zot:4)
  3 pandemonium lords (Pan)
  The ghost of Ynomam the Slayer, a veteran MfBe of Trog (Vaults:2)
  6 shard shrikes
  Saint Roka (Crypt:2)
  2 curse toes (Zot:4)
  Bai Suzhen (Shoals:3)
  24 caustic shrikes
  Jory (Crypt:3)
  11 golden dragons
  Geryon (Hell)
  9 profane servitors
  16 bone dragons
  2 pearl dragons (Zig:8)
  19 Tzitzimimeh
  3 iron giants
  5 electric golems
  10 hellephants
  16 Brimstone Fiends
  Zenata (Vaults:1)
  7 doom hounds
  Mlioglotl (Shoals:1)
  Jorgrun (Shoals:1)
  13 Hell Sentinels
  21 Ice Fiends
  13 tainted leviathans
  12 liches
  A walking earthen tome (Abyss:7)
  22 Orb Guardians
  7 deep elf blademasters
  7 quicksilver dragons
  8 deep elf master archers
  25 titans
  27 searing wretches
  26 tentacled monstrosities
  18 acid blobs
  10 sphinxes
  Frances (Shoals:2)
  3 walking frostbound tomes (Abyss:7)
  An eldritch tentacle (Pan)
  2 krakens (Shoals:3)
  12 death cobs
  Kirke (Shoals:1)
  28 ancient champions
  25 Executioners
  29 tentacled starspawn
  Polyphemus (Shoals:3)
  6 draconian monks
  8 shadow dragons
  6 rockslimes
  5 tengu reavers
  12 draconian knights
  15 nagarajas
  Donald (Elf:1)
  3 daevas
  8 demonspawn warmongers (Pan)
  16 storm dragons
  4 fenstrider witches
  17 azure jellies
  5 revenants
  27 narguns
  20 vault wardens
  28 frost giants
  29 fire giants
  7 quicksilver elementals
  7 shard shrike simulacra
  Aizul (Shoals:2)
  7 iron dragons
  10 deep elf sorcerers
  5 draconian scorchers
  Louise (Shoals:2)
  11 ghost moths
  4 deep elf elementalists (Elf:3)
  10 draconian shifters
  51 balrugs
  3 emperor scorpions
  A caustic shrike zombie (Tar:7)
  3 orc warlords
  9 draconian stormcallers
  3 curse skulls
  24 cacodemons
  7 ghouls
  19 reapers
  2 juggernaut zombies
  5 quicksilver oozes
  3 ophanim
  11 demonspawn corrupters (Pan)
  9 draconian annihilators
  An angel (Zig:8)
  15 demonspawn blood saints
  24 ironbound preservers
  34 very ugly things
  A broodmother (Zig:15)
  A spriggan defender (Depths:2)
  25 war gargoyles
  25 stone giants
  6 ironbound thunderhulks
  14 vampire knights
  An apis (Zig:8)
  11 black draconians
  15 green draconians
  11 red draconians
  A bunyip (Abyss:6)
  5 deep elf demonologists
  26 elemental wellsprings
  3 starflowers
  13 white draconians
  14 putrid mouths
  3 spectral titans
  13 dire elephants
  Azrael (D:14)
  2 pale draconians (Depths:4)
  4 eleionomae
  7 yellow draconians
  9 demonspawn black suns (Pan)
  19 bennus
  12 lorocyprocas
  15 wendigos
  4 spark wasps (Depths:2)
  10 deep elf annihilators
  A minotaur (Gauntlet)
  20 purple draconians
  11 eidola
  11 ettins
  10 iron golems
  Josephine (D:13)
  23 blizzard demons
  10 green deaths
  9 jiangshi
  9 deep elf death magi
  A quicksilver dragon zombie (Tar:7)
  9 fire dragons
  4 crystal guardians
  8 deep elf high priests
  9 entropy weavers
  4 shambling mangroves
  6 merfolk javelineers
  34 mummy priests
  16 yaktaur captains
  2 merfolk impalers
  13 great orbs of eyes
  13 rakshasas
  Harold (D:9)
  13 ice dragons
  Fannar (Orc:1)
  A quicksilver dragon skeleton (Zig:14)
  2 juggernaut simulacra
  5 spriggan zombies
  A spectral shadow dragon (Tar:1)
  5 peacekeepers
  A jorogumo (Zig:15)
  Erolcha (D:10)
  3 salamander tyrants
  3 hell beasts (Pan)
  4 merfolk avatars
  23 two-headed ogres
  6 hydras
  14 ironbound frosthearts
  4 spriggan air magi
  9 boulder beetles
  12 caustic shrike simulacra
  7 anacondas
  A catoblepas (Shoals:3)
  5 satyrs
  8 stokers (Geh:7)
  4 death knights
  36 vault guards
  An alligator (Zig:3)
  34 dancing weapons
  23 centaur warriors
  76 death scarabs
  4 spriggan skeletons
  3 alligator snapping turtles
  6 tengu warriors
  11 naga warriors
  7 ogre magi
  42 hell hogs
  4 deep troll shamans
  A spectral stone giant (Tar:1)
  20 death yaks
  2 titan zombies
  7 shock serpents
  16 naga sharpshooters
  7 deep troll earth magi
  22 vampire magi
  7 spriggan berserkers
  A spectral dire elephant (Tar:7)
  69 thrashing horrors
  2 iron trolls
  5 crystal echidnas
  4 titan skeletons
  5 hell knights
  34 shadow wraiths
  23 wretched stars
  25 sixfirhies (Pan)
  43 sun demons
  3 salamander mystics
  24 deep elf knights
  3 golden dragon zombies
  22 skeletal warriors
  23 soul eaters
  6 storm dragon zombies
  30 sea snakes
  2 goliath frogs (Zig:9)
  A death drake (Zig:9)
  4 spatial maelstroms
  A sun moth (Zig:11)
  8 quicksilver dragon simulacra
  An anaconda zombie (Hell)
  2 cherubim (Zig:8)
  3 pharaoh ants
  6 shadow demons
  57 deep trolls
  A ghost moth zombie (Crypt:3)
  A spectral iron dragon (Tar:3)
  5 obsidian statues
  6 orb spiders
  A bog body (Zig:9)
  4 glowing orange brains
  9 flayed ghosts
  14 wizards
  23 harpies
  5 spriggan simulacra
  23 phantasmal warriors
  4 swamp dragons
  An anaconda skeleton (Hell)
  An iron dragon zombie (Zig:16)
  14 lindwurms
  3 orange crystal statues
  2 naga ritualists (Snake:4)
  A bunyip skeleton (Hell)
  2 iron giant skeletons
  A spriggan druid (Zig:9)
  24 ironbound convokers
  Pikel (D:6)
  29 deep elf archers
  A broodmother zombie (Crypt:1)
  4 steelbarb worms
  32 deep elf zephyrmancers
  8 necromancers
  4 orc knights
  3 shining eyes
  A spectral ice dragon (Tar:1)
  5 orc sorcerers
  38 deep elf pyromancers
  16 manticores
  8 wolf spiders
  A salamander (shapeshifter) (D:13)
  4 mana vipers
  10 cyclopes
  22 fauns
  50 ugly things
  A will-o-the-wisp (Abyss:3)
  7 worldbinders
  8 oklob plants
  41 moths of wrath
  18 elephants
  13 salamanders
  11 merfolk sirens
  A stone giant skeleton (Crypt:2)
  4 apocalypse crabs
  7 water nymphs
  11 guardian serpents
  19 vault sentinels
  A frost giant skeleton (Vaults:2)
  30 black mambas
  A dire elephant zombie (Tar:7)
  52 smoke demons
  7 rust devils
  3 dire elephant skeletons
  5 molten gargoyles
  26 orange demons
  A gargoyle (D:13)
  2 titan simulacra (Coc:3)
  4 torpor snails
  8 ice statues
  An emperor scorpion simulacrum (Crypt:3)
  22 naga magi
  25 demonic crawlers
  17 cane toads
  An eye of devastation (Slime:5)
  2 unseen horrors
  A catoblepas zombie (Crypt:1)
  A yaktaur zombie (Vaults:1)
  8 efreet
  A centaur skeleton (Hell)
  9 rime drakes
  3 golden dragon simulacra
  18 hellions
  2 bunyip simulacra
  2 kobold demonologists
  13 tormentors
  2 spectral nagas (Tar:4)
  2 anaconda simulacra
  A sea snake zombie (Hell)
  11 ice devils
  34 freezing wraiths
  2 iron giant simulacra (Coc:6)
  11 komodo dragons
  24 yaktaurs
  A minotaur skeleton (Tomb:2)
  7 human skeletons
  3 tengu conjurers
  19 ancient zymes
  70 guardian mummies
  4 harpy zombies
  19 trolls
  19 merfolk
  2 red devils
  A hydra zombie (Hell)
  2 shadow dragon simulacra
  A silent spectre (Abyss:7)
  2 polar bears
  18 hornets
  3 meliai (D:15)
  20 wind drakes
  15 hellwings
  26 blink frogs
  A meliai (shapeshifter) (Elf:2)
  A tarantella (shapeshifter) (Depths:3)
  2 iron dragon simulacra
  A meliai zombie (Crypt:3)
  A hydra skeleton (Hell)
  12 snapping turtles
  4 tarantellas
  A tengu simulacrum (Vaults:2)
  47 raiju
  21 dream sheep
  4 harpy skeletons
  3 alligator zombies (Hell)
  3 ettin zombies
  Sigmund (D:4)
  A dream sheep (shapeshifter) (Depths:3)
  4 jumping spiders
  A spectral black mamba (Tar:1)
  4 culicivoras
  79 slime creatures
  18 ynoxinuls
  36 flying skulls
  2 stone giant simulacra
  4 shadows
  3 air elementals
  A centaur simulacrum (D:15)
  17 vampires
  11 dire elephant simulacra
  24 water elementals
  3 ettin skeletons
  19 wraiths
  38 yaks
  14 wyverns
  9 spriggans
  5 hogs (Shoals:1)
  2 humans (Shoals:1)
  12 ushabtiu
  52 golden eyes
  A human (shapeshifter) (D:15)
  94 starcursed masses
  Grum (D:9)
  6 redbacks
  6 fire elementals
  11 chaos spawn
  A minotaur simulacrum (Coc:2)
  45 neqoxecs
  8 steam dragons
  6 basilisks
  19 small abominations
  4 vampire mosquitoes (D:13)
  An alligator snapping turtle simulacrum (Crypt:3)
  Edmund (D:4)
  A naga zombie (Tar:7)
  58 nagas
  6 harpy simulacra
  4 spatial vortices (Abyss:6)
  11 wargs
  24 water moccasins
  4 acid dragons
  85 large abominations
  3 naga skeletons
  4 floating eyes
  9 hell hounds
  23 orc warriors
  6 hydra simulacra
  Duvessa (D:4)
  A two-headed ogre skeleton (Abyss:1)
  3 swamp drakes (Lair:5)
  A sky beast (D:6)
  A black bear (Lair:1)
  4 ice beasts
  A demonspawn skeleton (Crypt:3)
  35 ogres
  An alligator simulacrum (Hell)
  A black mamba simulacrum (Crypt:3)
  6 ettin simulacra
  A lindwurm skeleton (Crypt:3)
  4 boggarts
  4 wolves (D:9)
  14 centaurs
  2 lemures (D:6)
  3 kobold brigands
  10 bullfrogs
  2 gnoll sergeants
  6 necrophages
  5 scorpions
  6 naga simulacra
  5 earth elementals
  8 wights
  Dowan (D:4)
  3 human simulacra
  A polar bear zombie (Crypt:1)
  A raiju skeleton (Crypt:3)
  18 killer bees
  10 electric eels
  7 crimson imps
  7 howler monkeys
  3 centaur zombies (Ossuary)
  5 hounds
  4 quasits
  A bullfrog zombie (Crypt:3)
  9 orc priests
  2 jellies
  3 human zombies
  5 gnoll boudas
  13 orc wizards
  Natasha (thrice) (D:4)
  11 iguanas
  11 hell rats
  A deep dwarf skeleton (Crypt:3)
  77 mummies
  Robin (D:3)
  28 gnolls
  9 river rats (Lair:5)
  7 adders
  7 shadow imps
  9 white imps
  8 ufetubi
  An adder zombie (Ossuary)
  A worm (shapeshifter) (D:13)
  3 worms
  2 dart slugs (D:3)
  42 orcs
  4 ball pythons
  5 endoplasms
  19 goblins
  10 hobgoblins
  3 jackals (D:3)
  4 quokkas
  7 bats
  2 frilled lizards
  5 goblin zombies (Ossuary)
  11 hobgoblin zombies (Ossuary)
  2 jackal zombies (Ossuary)
  16 kobolds
  5 kobold zombies (Ossuary)
  8 orc zombies (Ossuary)
  A quokka skeleton (Crypt:3)
  3 rats
  A ball lightning (Pan)
  4 creeping infernos
  11 fire vortices
  5 lurking horrors
  27 starspawn tentacles
  2 tentacles (Shoals:3)
4972 creatures vanquished.

Vanquished Creatures (collateral kills)
  Antaeus (Coc:7)
  3 juggernauts
  A shard shrike (Zot:5)
  2 caustic shrikes (Dis:7)
  An iron giant (Dis:7)
  2 Hell Sentinels (Dis:7)
  A tainted leviathan (Tar:4)
  A quicksilver dragon (Zot:4)
  3 ancient champions (Dis:7)
  A death cob (Zot:5)
  A quicksilver elemental (Dis:7)
  A draconian scorcher (Zot:1)
  2 iron dragons (Dis:7)
  6 war gargoyles (Dis:7)
  A putrid mouth (Tar:7)
  A yellow draconian (Zot:4)
  A red draconian (Zot:5)
  3 iron golems (Dis:7)
  A dancing weapon (Pan)
  A crystal echidna (Zig:7)
  A shadow wraith (Tar:7)
  A moth of wrath (Zot:5)
  2 water elementals (Coc:7)
38 creatures vanquished.

Vanquished Creatures (others)
  3 juggernauts
  A caustic shrike (Dis:7)
  A bone dragon (Abyss:7)
  2 iron giants (Dis:7)
  A hellephant (Geh:7)
  A shadow dragon (Depths:2)
  A fire giant (Depths:4)
  A nagaraja (Snake:4)
  A balrug (Geh:7)
  An iron dragon (Dis:7)
  A draconian shifter (Zot:1)
  A shard shrike simulacrum (Coc:4)
  A demonspawn blood saint (Pan)
  A bennu (Tomb:3)
  A green death (Pan)
  A deep elf high priest (Elf:3)
  2 deep elf knights (Elf:3)
  2 thrashing horrors
  2 sixfirhies
  A sea snake (Shoals:4)
  A quicksilver dragon simulacrum (Coc:3)
  A spatial maelstrom (Abyss:7)
  A spriggan simulacrum (Coc:3)
  A phantasmal warrior (Vaults:5)
  2 deep elf zephyrmancers (Elf:3)
  A mana viper (Snake:4)
  A smoke demon (Pan)
  2 tormentors
  2 iron giant simulacra (Coc:7)
  A raiju (Abyss:7)
  2 fire bats (Abyss:6)
  A golden eye (shapeshifter) (Abyss:6)
  A golden eye (Abyss:6)
  2 harpy simulacra (Coc:3)
  2 chaos spawn (Abyss:6)
  An ettin simulacrum (Coc:3)
  A crimson imp (Pan)
  An iguana (Lair:5)
  10 ball lightnings (Pan)
  A block of ice (Pan)
  11 bushes (Abyss:6)
  8 creeping infernos
  18 demonic plants
  3 fire vortices
  10 foxfires (Abyss:3)
  9 fungi
  2 lurking horrors
  101 plants
  45 starspawn tentacles
  7 tentacles (Shoals:3)
275 creatures vanquished.

Grand Total: 5285 creatures vanquished

Notes
Turn   | Place    | Note
-------+----------+-------------------------------------------
     0 | D:1      | miscthings the Armataur Reaver began the quest for the Orb.
     0 | D:1      | Reached XP level 1. HP: 18/18 MP: 3/3
    67 | D:1      | Found a faded altar of an unknown god.
   191 | D:1      | Reached XP level 2. HP: 25/25 MP: 4/4
   497 | D:1      | Reached XP level 3. HP: 17/31 MP: 5/5
   732 | D:2      | Learned a level 2 spell: Momentum Strike
  1121 | D:2      | Reached XP level 4. HP: 34/38 MP: 6/6
  1369 | D:3      | Noticed Robin
  1377 | D:3      | Gained mutation: You are dopey. (Int -2) [potion of
                  | mutation]
  1377 | D:3      | Gained mutation: You are robust. (+10% HP) [potion of
                  | mutation]
  1377 | D:3      | Gained mutation: You are very robust. (+20% HP) [potion of
                  | mutation]
  1377 | D:3      | Gained mutation: Your spells are a little harder to cast,
                  | but a little more powerful. [potion of mutation]
  1377 | D:3      | Gained mutation: You are extremely robust. (+30% HP)
                  | [potion of mutation]
  1537 | D:3      | Killed Robin
  1538 | D:3      | Reached skill level 5 in Maces & Flails
  1838 | D:3      | Found a glowing silver altar of Zin.
  2020 | D:3      | Reached XP level 5. HP: 53/56 MP: 7/7
  2198 | D:4      | Found a sand-covered staircase.
  2203 | Ossuary  | Entered an ossuary
  2452 | Ossuary  | Reached XP level 6. HP: 50/65 MP: 8/8
  2573 | D:3      | HP: 2/55 [wight/+5 flail (10)]
  2810 | D:4      | Reached XP level 7. HP: 21/62 MP: 9/9
  2827 | D:4      | Found a staircase to the Ecumenical Temple.
  2827 | D:4      | Noticed Dowan
  2833 | Temple   | Entered the Ecumenical Temple
  2927 | D:4      | Noticed Natasha
  2943 | D:4      | Killed Natasha
  3136 | D:4      | Noticed Duvessa
  3151 | D:4      | Killed Duvessa
  3225 | D:4      | Killed Dowan
  3383 | D:4      | Noticed Natasha
  3387 | D:4      | Killed Natasha
  3419 | D:4      | Reached XP level 8. HP: 56/82 MP: 10/10
  3468 | D:4      | Noticed a +0 dagger
  3473 | D:4      | Found a hide-covered altar of Uskayaw.
  3475 | D:4      | Noticed a +0 dagger
  3538 | D:4      | Noticed Edmund
  3552 | D:4      | Killed Edmund
  3577 | D:4      | Noticed Sigmund
  3587 | D:4      | Killed Sigmund
  3886 | D:4      | Noticed Natasha
  3893 | D:4      | Killed Natasha
  3919 | D:5      | Entered Level 5 of the Dungeon
  3976 | D:5      | Reached skill level 10 in Maces & Flails
  4113 | D:5      | Found a shadowy altar of Dithmenos.
  4258 | D:5      | Found a glowing golden altar of the Shining One.
  4619 | D:6      | Reached XP level 9. HP: 91/91 MP: 11/11
  4620 | D:6      | Noticed a two-headed ogre
  4837 | D:6      | Killed a two-headed ogre
  4991 | D:6      | Noticed Pikel
  5387 | D:6      | Killed Pikel
  5458 | D:7      | Found Jageashri's Distillery.
  5493 | D:7      | Found Cuwuxi Juasch's Armour Shop.
  5577 | D:7      | Reached XP level 10. HP: 65/100 MP: 12/12
  5742 | D:7      | Found a sacrificial altar of Ru.
  6195 | D:8      | Found a broken altar of Ashenzari.
  6319 | D:8      | Reached skill level 1 in Armour
  6319 | D:8      | Reached skill level 1 in Evocations
  6432 | D:8      | Found Dot Nilunk's Armour Boutique.
  6436 | D:8      | Found the +7 Kryia's mail coat {PotionHeal*2 rC+}
  6565 | D:8      | Bought a +0 buckler for 49 gold pieces
  6745 | D:9      | Reached skill level 1 in Shields
  6826 | D:9      | Noticed a two-headed ogre
  6831 | D:9      | Killed a two-headed ogre
  6862 | D:9      | Found a sparkling altar of Nemelex Xobeh.
  6999 | D:9      | Found a bloodstained altar of Trog.
  7026 | D:9      | Noticed Grum
  7051 | D:9      | Killed Grum
  7072 | D:9      | Found an iron altar of Okawaru.
  7080 | D:9      | Became a worshipper of Warmaster Okawaru
  7158 | D:9      | Noticed a centaur warrior
  7173 | D:9      | Killed a centaur warrior
  7173 | D:9      | Reached * piety under Okawaru
  7176 | D:9      | Noticed Harold
  7199 | D:9      | Killed Harold
  7200 | D:9      | Reached XP level 11. HP: 59/113 MP: 10/13
  7306 | D:9      | Reached ** piety under Okawaru
  7528 | D:9      | Found a hazy altar of Hepliaklqana.
  7796 | D:10     | Entered Level 10 of the Dungeon
  7839 | D:10     | Reached skill level 5 in Armour
  8021 | D:10     | Found an opulent altar of Gozag.
  8058 | D:10     | Reached *** piety under Okawaru
  8082 | D:10     | Reached skill level 5 in Shields
  8096 | D:10     | Noticed Erolcha
  8382 | D:10     | Found a staircase to the Orcish Mines.
  8482 | D:10     | Killed Erolcha
  8483 | D:10     | Reached skill level 5 in Fighting
  8483 | D:10     | Reached skill level 5 in Evocations
  8654 | D:10     | Paralysed by a floating eye for 3 turns
  9208 | D:11     | Noticed a two-headed ogre
  9217 | D:11     | Killed a two-headed ogre
  9217 | D:11     | Reached **** piety under Okawaru
  9292 | D:11     | Found a staircase to the Lair.
  9377 | D:11     | Reached XP level 12. HP: 124/130 MP: 12/14
  9436 | D:11     | Noticed a two-headed ogre
  9450 | D:11     | Reached ***** piety under Okawaru
  9460 | D:11     | Killed a two-headed ogre
  9460 | D:11     | Received a gift from Okawaru
  9481 | D:11     | Noticed a two-headed ogre
  9491 | D:11     | Killed a two-headed ogre
  9929 | D:12     | Noticed a boulder beetle
  9960 | D:12     | Killed a boulder beetle
 10354 | D:12     | Noticed a boulder beetle
 10409 | D:12     | Killed a boulder beetle
 10896 | D:12     | Found Seumipoo's Antique Weapon Emporium.
 11125 | Orc:1    | Entered Level 1 of the Orcish Mines
 11125 | Orc:1    | Found Dunnes Facw's Armour Emporium.
 11126 | Orc:1    | Noticed Fannar
 11146 | Orc:1    | Killed Fannar
 11292 | Orc:1    | Noticed a two-headed ogre
 11293 | Orc:1    | Noticed a two-headed ogre
 11293 | Orc:1    | Noticed a two-headed ogre
 11293 | Orc:1    | Noticed a two-headed ogre
 11293 | Orc:1    | Noticed an ogre mage
 11306 | Orc:1    | Noticed a two-headed ogre
 11317 | Orc:1    | Killed a two-headed ogre
 11322 | Orc:1    | Killed a two-headed ogre
 11331 | Orc:1    | Reached skill level 1 in Invocations
 11337 | Orc:1    | Killed a two-headed ogre
 11341 | Orc:1    | Killed a two-headed ogre
 11347 | Orc:1    | Killed an ogre mage
 11348 | Orc:1    | Reached XP level 13. HP: 130/143 MP: 8/15
 11596 | Orc:2    | Entered Level 2 of the Orcish Mines
 11677 | Orc:2    | Noticed Maurice
 11740 | Orc:2    | Maurice changed into Maurice the harpy
 11740 | Orc:2    | Noticed Maurice
 11754 | Orc:2    | Killed Maurice the harpy
 11846 | Orc:2    | Identified the +2 morningstar "Foneklidu" {heavy, rF+
                  | Int+3} (Okawaru gifted it to you on level 2 of the Orcish
                  | Mines)
 11846 | Orc:2    | Received a gift from Okawaru
 11876 | Orc:2    | Paralysed by something for 5 turns
 11879 | Orc:2    | Noticed an ettin
 12252 | Orc:2    | Reached skill level 10 in Armour
 12253 | Orc:2    | Paralysed by an ogre mage for 2 turns
 12515 | Orc:2    | an ettin changed into a fire dragon
 12515 | Orc:2    | Noticed a fire dragon
 12531 | Orc:2    | Killed a fire dragon
 12551 | Orc:2    | Received a gift from Okawaru
 12563 | Orc:2    | Found Giebye's Weapon Emporium.
 12569 | Orc:2    | Found Qoxiwn's Assorted Antiques.
 12574 | Orc:2    | Found Vuogg's Weapon Shoppe.
 12574 | Orc:2    | Found Qasmiysh's Book Emporium.
 12603 | Orc:2    | Noticed an orc warlord
 12875 | Orc:2    | Killed an orc warlord
 12976 | Orc:2    | Found a staircase to the Elven Halls.
 12979 | Orc:2    | Paralysed by something for 5 turns
 12992 | Orc:2    | Identified the +7 demon whip "Kulom" {elec, rF+++ Will+
                  | Str-5 Stlth+} (Okawaru gifted it to you on level 2 of the
                  | Orcish Mines)
 12992 | Orc:2    | Received a gift from Okawaru
 13274 | Orc:1    | Bought the +3 warlock's mirror {omnireflect} for 560 gold
                  | pieces
 13274 | Orc:1    | Found the +3 warlock's mirror {omnireflect}
 13332 | Lair:1   | Entered Level 1 of the Lair of Beasts
 13469 | Lair:1   | Noticed Amaemon
 13471 | Lair:1   | Amaemon changed into Amaemon the killer bee
 13471 | Lair:1   | Noticed Amaemon
 13473 | Lair:1   | Killed Amaemon the killer bee
 13568 | Lair:1   | Reached skill level 5 in Dodging
 13600 | Lair:1   | Found a white marble altar of Elyvilon.
 13800 | Lair:1   | Reached XP level 14. HP: 128/158 MP: 12/16
 14159 | Lair:2   | Reached skill level 10 in Shields
 14229 | Lair:2   | Identified the +3 pair of gloves of Okawaru's Favour
                  | {+Blink rPois rC++ Int-4} (Okawaru gifted it to you on
                  | level 2 of the Lair of Beasts)
 14229 | Lair:2   | Received a gift from Okawaru
 14340 | Lair:2   | Identified a scroll of acquirement
 14341 | Lair:2   | Acquired 559 gold pieces
 14476 | Lair:2   | Reached ****** piety under Okawaru
 14753 | Lair:2   | Found a staircase to the Snake Pit.
 15054 | Lair:3   | Found a staircase to the Shoals.
 15870 | Lair:4   | Reached skill level 10 in Evocations
 16538 | Lair:4   | Identified the +1 ring mail of Ysouler {Harm rC- Will+}
                  | (Okawaru gifted it to you on level 4 of the Lair of Beasts)
 16538 | Lair:4   | Received a gift from Okawaru
 16750 | Lair:5   | Entered Level 5 of the Lair of Beasts
 16985 | Lair:5   | Found a staircase to the Slime Pits.
 16985 | Lair:5   | Found a viscous altar of Jiyva.
 17028 | Lair:5   | Reached skill level 5 in Invocations
 17201 | Lair:5   | Reached skill level 10 in Fighting
 17281 | Lair:5   | Reached XP level 15. HP: 158/172 MP: 16/18
 17883 | Lair:5   | Received a gift from Okawaru
 18477 | Snake:1  | Entered Level 1 of the Snake Pit
 19298 | Snake:2  | Identified the +2 pair of gloves of Xet Weta {rC+} (Okawaru
                  | gifted it to you on level 2 of the Snake Pit)
 19298 | Snake:2  | Received a gift from Okawaru
 19747 | Snake:2  | Noticed a nagaraja
 19774 | Snake:2  | Killed a nagaraja
 20106 | Snake:2  | Found Sepol Mixi's Weapon Boutique.
 20119 | Snake:2  | Found Ytycvaw's Magic Scroll Shop.
 20121 | Snake:2  | Found Taruttafuy's Armour Boutique.
 20132 | Snake:2  | Bought 2 scrolls of teleportation for 114 gold pieces
 20132 | Snake:2  | Bought a scroll of blinking for 142 gold pieces
 20132 | Snake:2  | Bought a scroll of fear for 76 gold pieces
 20212 | Snake:3  | Reached XP level 16. HP: 178/187 MP: 18/20
 20459 | Snake:3  | Received a gift from Okawaru
 20645 | Snake:3  | Received a gift from Okawaru
 20964 | Snake:4  | Entered Level 4 of the Snake Pit
 21454 | Snake:4  | Found Kozogaast's Distillery.
 21589 | Snake:4  | Bought 2 potions of heal wounds for 150 gold pieces
 21589 | Snake:4  | Bought a potion of haste for 150 gold pieces
 22146 | Snake:4  | Reached skill level 15 in Armour
 22184 | Snake:4  | Found Xekickat's Magic Scroll Emporium.
 22185 | Snake:4  | Found Ovexi's Armour Emporium.
 22185 | Snake:4  | Found Vuketris's General Store.
 22187 | Snake:4  | Found Cuxut's Weapon Emporium.
 22199 | Snake:4  | Bought a scroll of teleportation for 39 gold pieces
 22199 | Snake:4  | Bought a scroll of enchant armour for 97 gold pieces
 22199 | Snake:4  | Bought a scroll of teleportation for 39 gold pieces
 22199 | Snake:4  | Bought a scroll of magic mapping for 97 gold pieces
 22199 | Snake:4  | Bought a scroll of immolation for 52 gold pieces
 22574 | Snake:4  | Identified the +1 barding of Hamp {Slay+5} (Okawaru gifted
                  | it to you on level 4 of the Snake Pit)
 22574 | Snake:4  | Received a gift from Okawaru
 22731 | Snake:4  | Reached XP level 17. HP: 92/201 MP: 11/22
 23078 | Snake:4  | Got a serpentine rune of Zot
 23897 | D:13     | Found a gate to the Vaults.
 23924 | D:13     | Noticed Josephine
 23946 | D:13     | Killed Josephine
 24184 | D:13     | Identified the ring of Uppaatwo {*Slow rF+++ rCorr Int+3
                  | SInv}
 24585 | D:14     | Found a gate leading to a gauntlet.
 24595 | D:14     | Identified the +0 scale mail of Kaosiw {Str+4} (Okawaru
                  | gifted it to you on level 14 of the Dungeon)
 24595 | D:14     | Received a gift from Okawaru
 24625 | Gauntlet | Entered a Gauntlet
 24625 | Gauntlet | Found a transporter.
 24626 | Gauntlet | Found a runed translucent door.
 24628 | Gauntlet | Found a transporter.
 24630 | Gauntlet | Found a runed translucent door.
 24640 | Gauntlet | Found a transporter.
 24644 | Gauntlet | Found a transporter.
 24660 | Gauntlet | Found a transporter.
 24672 | Gauntlet | Found the +12 glaive of Prune {freeze, Prune}
 24674 | Gauntlet | Found a transporter.
 24677 | Gauntlet | Found a transporter.
 24681 | Gauntlet | Found a transporter.
 24704 | Gauntlet | Found a transporter.
 24712 | Gauntlet | Found a transporter.
 24712 | Gauntlet | Found a transporter.
 24720 | Gauntlet | Found a transporter.
 24869 | Gauntlet | Identified the +0 pair of boots "Weawk" {rElec rC+ rCorr}
 24901 | Gauntlet | Identified the +0 cloak "Seiho" {rPois Int+3}
 24960 | Gauntlet | Identified the +0 pair of gloves of Maoruap {*Corrode rPois
                  | rC+ Int+3}
 24987 | D:14     | You fall into a shaft and drop 1 floor!
 24987 | D:15     | Entered Level 15 of the Dungeon
 25069 | D:15     | Learned a level 8 spell: Ignition
 25498 | D:15     | Reached skill level 1 in Fire Magic
 25905 | D:15     | Found a staircase to the Depths.
 26336 | D:14     | Reached skill level 15 in Shields
 26435 | D:14     | Noticed Azrael
 26473 | D:14     | Killed Azrael
 26887 | Elf:1    | Entered Level 1 of the Elven Halls
 26911 | Elf:1    | Paralysed by an air elemental for 1 turns
 26958 | Elf:1    | Identified the +1 scale mail of Tazut {rN+ Int-3 Dex+5}
                  | (Okawaru gifted it to you on level 1 of the Elven Halls)
 26958 | Elf:1    | Received a gift from Okawaru
 26978 | Elf:1    | Reached XP level 18. HP: 155/215 MP: 16/24
 27025 | Elf:1    | Noticed Donald
 27035 | Elf:1    | Killed Donald
 27188 | Elf:1    | Noticed Dittersdorf's ghost (journeyman GrFi)
 27189 | Elf:1    | Found a runed translucent gate.
 27189 | Elf:1    | Found a runed translucent gate.
 27189 | Elf:1    | Found a runed translucent gate.
 27194 | Elf:1    | Found an iron altar of Okawaru.
 27289 | Elf:1    | Paralysed by an air elemental for 1 turns
 27580 | Elf:2    | Paralysed by an air elemental for 1 turns
 27684 | Elf:2    | Found a runed translucent gate.
 27684 | Elf:2    | Found a runed translucent gate.
 27686 | Elf:2    | Found a runed translucent gate.
 28370 | Elf:2    | Received a gift from Okawaru
 28659 | Elf:3    | Entered Level 3 of the Elven Halls
 28747 | Elf:3    | Identified the ring of the Albatross {Will+ rCorr Slay+2
                  | Stlth-}
 28784 | Elf:3    | Reached skill level 5 in Fire Magic
 28991 | Elf:3    | Found Qoss's General Store.
 29000 | Elf:3    | Bought a scroll of blinking for 120 gold pieces
 29174 | Elf:3    | Found Ycru Xesh's General Store.
 29185 | Elf:3    | Bought a potion of curing for 39 gold pieces
 29185 | Elf:3    | Bought a potion of flight for 39 gold pieces
 29238 | Elf:3    | Reached skill level 15 in Maces & Flails
 29382 | Elf:3    | Received a gift from Okawaru
 29664 | Elf:3    | Identified the +1 robe "Hoogoc" {*Slow rElec rC+ Will+}
 29706 | Elf:3    | Reached XP level 19. HP: 189/228 MP: 19/26
 29711 | Elf:3    | Identified the +7 falchion "Lehop" {heavy, rF+ rC+}
 29714 | Elf:3    | Noticed a Tzitzimitl
 29806 | Elf:3    | Identified the amulet "Welao" {Rampage Fragile rF- Regen+
                  | Str+9}
 29824 | Elf:3    | Identified the ring of Ygirerch {AC+4 Dex+2}
 29952 | Elf:3    | Identified the +7 sling "Curhia Bawa" {heavy, rF+ SInv
                  | Stlth-}
 29952 | Elf:3    | Identified the +4 flail of Muta Dogh {drain, rPois rC+
                  | Dex+6}
 29976 | Elf:3    | Identified the +1 ring mail of the Lion {MP+9}
 30010 | Elf:3    | Found the +10 tower shield of Ignorance {rN+ Int-4}
 30017 | Elf:3    | Identified the +4 arbalest of Exhibitionism {freeze, rCorr
                  | SInv}
 30044 | Elf:3    | Got the Omnibus of the Turnip
 30412 | Shoals:1 | Entered Level 1 of the Shoals
 30412 | Shoals:1 | Noticed Mlioglotl
 30427 | Shoals:1 | Killed Mlioglotl
 30513 | Shoals:1 | Noticed Jorgrun
 30514 | Shoals:1 | Found the +2 hood of the Assassin {Detect Stab+ Stlth++}
 30525 | Shoals:1 | Killed Jorgrun
 30792 | Shoals:1 | Reached skill level 5 in Spellcasting
 30817 | Shoals:1 | Noticed Kirke
 30844 | Shoals:1 | Killed Kirke
 31206 | Shoals:2 | Noticed Louise
 31243 | Shoals:2 | Killed Louise
 31244 | Shoals:2 | Reached skill level 10 in Invocations
 31282 | Shoals:2 | Noticed Frances
 31288 | Shoals:2 | Identified the +2 animal skin of the Guilds {Will+ Regen+
                  | Slay+3} (Okawaru gifted it to you on level 2 of the Shoals)
 31288 | Shoals:2 | Received a gift from Okawaru
 31406 | Shoals:2 | Noticed Aizul
 31426 | Shoals:2 | Killed Aizul
 31580 | Shoals:2 | Killed Frances
 31638 | Shoals:2 | Identified the +9 falchion of Glory {drain, rElec rC+ rN+}
 31711 | Shoals:2 | Reached skill level 1 in Throwing
 32221 | Shoals:3 | Noticed Bai Suzhen
 32243 | Shoals:3 | Killed Bai Suzhen
 32279 | Shoals:3 | Noticed Polyphemus
 32296 | Shoals:3 | Killed Polyphemus
 32526 | Shoals:4 | Entered Level 4 of the Shoals
 32526 | Shoals:4 | Found Ovvosch's Jewellery Boutique.
 32541 | Shoals:4 | Reached skill level 15 in Fighting
 32552 | Shoals:4 | Identified the +1 helmet of Col Oleg {rElec Regen+}
                  | (Okawaru gifted it to you on level 4 of the Shoals)
 32552 | Shoals:4 | Received a gift from Okawaru
 32581 | Shoals:4 | Bought the ring of Gabicasm {Drain rC++ Str+2 Int+6 Dex-2}
                  | for 933 gold pieces
 32714 | Shoals:4 | Reached XP level 20. HP: 225/243 MP: 28/28
 32743 | Shoals:4 | Identified the amulet of Ijaos {Faith Harm rF+ Str-5}
 32786 | Shoals:4 | Got a barnacled rune of Zot
 33436 | Slime:1  | Entered Level 1 of the Pits of Slime
 33878 | Slime:2  | Gained mutation: You are weak. (Str -2) [a shining eye]
 33946 | Slime:5  | Entered Level 5 of the Pits of Slime
 34021 | Slime:5  | Noticed the Royal Jelly
 34022 | Slime:5  | Found a viscous altar of Jiyva.
 34084 | Slime:5  | Received a gift from Okawaru
 34092 | Slime:5  | Killed the Royal Jelly
 34092 | Slime:5  | Received a gift from Okawaru
 34268 | Slime:5  | Identified the +1 leather armour of the Orange Skies {rElec
                  | rPois rF+++ Stlth-}
 34277 | Slime:5  | Identified the +1 helmet of the Weaver {rC+ rCorr Stlth+}
 34279 | Slime:5  | Got a slimy rune of Zot
 34348 | Slime:5  | Identified the ring of Yredelemnul's Regard {rF+ EV+5
                  | Str+2}
 34369 | Slime:5  | Identified the +7 broad axe "Folodiqo" {protect, rN+}
 34391 | Slime:5  | Identified the +1 trident "Spiderbane" {heavy, Str+2 Int+2
                  | SInv}
 34399 | Slime:5  | Identified the +1 scale mail of Optimism {rPois}
 34400 | Slime:5  | Identified the +3 leather armour of the Distant Future
                  | {rElec rPois}
 34402 | Slime:5  | Acquired 612 gold pieces
 34541 | Slime:1  | Gained mutation: You are vulnerable to heat. (rF-) [a
                  | shining eye]
 34747 | Vaults:1 | Entered Level 1 of the Vaults
 34930 | Vaults:1 | Noticed Zenata
 34954 | Vaults:1 | Killed Zenata
 35002 | Vaults:1 | Found a magical portal.
 35019 | WizLab   | Entered Eringya's Formal Garden
 35212 | WizLab   | Reached skill level 10 in Fire Magic
 35260 | WizLab   | Reached XP level 21. HP: 123/257 MP: 31/31
 35284 | WizLab   | Reached skill level 5 in Throwing
 35360 | WizLab   | Identified the +7 rapier of the Shimmering Gods {drain,
                  | rElec rC+ Dex-4} (Okawaru gifted it to you in a wizard's
                  | laboratory)
 35360 | WizLab   | Received a gift from Okawaru
 35364 | WizLab   | Found a blossoming altar of Fedhas.
 35588 | Vaults:1 | Reached skill level 10 in Dodging
 36269 | Vaults:1 | Received a gift from Okawaru
 37181 | Vaults:2 | Found a runed translucent gate.
 37181 | Vaults:2 | Found a runed translucent gate.
 37181 | Vaults:2 | Found a runed translucent gate.
 37182 | Vaults:2 | Noticed Ynomam's ghost (veteran MfBe)
 37227 | Vaults:2 | Killed Ynomam's ghost
 37698 | Vaults:2 | Identified the +2 robe of Wonder {rF+ Str-3 Archmagi}
                  | (Okawaru gifted it to you on level 2 of the Vaults)
 37698 | Vaults:2 | Received a gift from Okawaru
 38100 | Vaults:3 | Reached XP level 22. HP: 267/267 MP: 35/35
 38260 | Vaults:3 | Reached skill level 10 in Spellcasting
 38855 | Vaults:3 | Found a staircase to the Crypt.
 39031 | Vaults:3 | Reached skill level 15 in Fire Magic
 39379 | Vaults:4 | Identified the +0 chain mail of Foolhardiness {rPois
                  | Slay+2}
 39466 | Vaults:4 | Received a gift from Okawaru
 39837 | Vaults:4 | Identified the +6 great mace of the Bouncing Songs {heavy,
                  | Dex+3 Stlth+} (Okawaru gifted it to you on level 4 of the
                  | Vaults)
 39837 | Vaults:4 | Received a gift from Okawaru
 40236 | Vaults:4 | Found the +3 Elemental Staff {rElec rF++ rC++ AC+5}
 40665 | Vaults:5 | Entered Level 5 of the Vaults
 40811 | Vaults:5 | Noticed an ancient lich
 40814 | Vaults:5 | Received a gift from Okawaru
 40823 | Vaults:5 | Identified the +8 scimitar "Ekeunim" {heavy, Fragile rPois
                  | rN+++ MP-9}
 40845 | Vaults:4 | Killed an ancient lich
 40846 | Vaults:4 | Reached XP level 23. HP: 240/276 MP: 38/38
 41209 | Vaults:5 | Received a gift from Okawaru
 41218 | Vaults:5 | Noticed a dread lich
 41287 | Vaults:5 | Killed a dread lich
 41350 | Vaults:5 | Noticed a dread lich
 41381 | Vaults:4 | Killed a dread lich
 41570 | Vaults:5 | Learned a level 3 spell: Kindle Blastsparks
 41577 | Vaults:5 | Learned a level 6 spell: Starburst
 41592 | Vaults:5 | Got a silver rune of Zot
 41592 | Vaults:5 | Noticed an ancient lich
 41621 | Vaults:5 | Killed an ancient lich
 41621 | Vaults:5 | Received a gift from Okawaru
 41650 | Vaults:5 | Learned a level 3 spell: Ignite Poison
 41691 | Vaults:5 | Found the +5 robe of Night {Dark Will+ SInv}
 41708 | Vaults:5 | Identified the +7 rapier "Grim Tooth" {heavy, *Rage rElec
                  | rF++ Stlth+}
 41738 | Vaults:5 | Identified the +1 barding of Cuunt {rN+ Int+2} (Okawaru
                  | gifted it to you on level 5 of the Vaults)
 41738 | Vaults:5 | Received a gift from Okawaru
 41897 | Vaults:5 | Found the amulet of Vitality {RegenMP++ Regen++}
 41902 | Vaults:5 | Identified the +1 ring mail of the Bulwark {rElec Str+3}
 41917 | Vaults:5 | Identified the +7 longbow "Ocoejona" {freeze, rCorr}
 42030 | Vaults:5 | Identified the +1 scale mail "Ikucusm" {Rampage *Corrode
                  | rN+ SInv}
 42875 | D:5      | Fell from the grace of Okawaru
 42875 | D:5      | Became a worshipper of the Shining One
 42875 | D:5      | Was placed under penance by the Shining One
 43605 | Depths:1 | Entered Level 1 of the Depths
 44022 | Depths:1 | Was forgiven by the Shining One
 44163 | Depths:1 | Found a one-way gateway to a ziggurat.
 44164 | Depths:1 | Noticed an ancient lich
 44178 | Depths:1 | Killed an ancient lich
 44239 | Depths:1 | Found a gateway to Hell.
 44796 | Depths:2 | Found a white marble altar of Elyvilon.
 44807 | Depths:2 | Found Nugitirph's Weapon Emporium.
 44918 | Depths:2 | Found a one-way gate leading to the halls of Pandemonium.
 45102 | Depths:2 | Paralysed by a floating eye for 3 turns
 45494 | Depths:2 | Reached * piety under the Shining One
 45658 | Depths:2 | Found a burning altar of Makhleb.
 45779 | Depths:2 | Reached XP level 24. HP: 270/287 MP: 39/39
 45842 | Depths:2 | Found a runed translucent door.
 45843 | Depths:2 | Found a runed translucent door.
 45844 | Depths:2 | Found a runed translucent door.
 45848 | Depths:2 | Reached ** piety under the Shining One
 45898 | Depths:2 | Noticed a juggernaut
 45901 | Depths:2 | Noticed a juggernaut
 45902 | Depths:2 | Noticed a juggernaut
 45925 | Depths:2 | Killed a juggernaut
 45931 | Depths:2 | Killed a juggernaut
 46232 | Depths:3 | Noticed Mennas
 46267 | Depths:3 | Killed Mennas
 46687 | Depths:3 | Found a one-way gate to the infinite horrors of the Abyss.
 46709 | Depths:3 | Reached *** piety under the Shining One
 47081 | Depths:3 | Found the ring of the Octopus King
 47082 | Depths:3 | Found the +15 Maxwell's patent armour {-Cast -Tele rElec
                  | Will+ rCorr}
 47083 | Depths:3 | Identified the +5 scale mail of Beauty {rC- Str+4}
 47089 | Depths:3 | Identified a ring of the Octopus King {rC+ HP+2 AC+2 EV+2
                  | SH+2}
 47095 | Depths:4 | Entered Level 4 of the Depths
 47566 | Depths:4 | Found Ashrosif's Weapon Boutique.
 48231 | Depths:4 | Found a gate to the Realm of Zot.
 48415 | Zot:1    | Entered Level 1 of the Realm of Zot
 48559 | Zot:1    | Reached **** piety under the Shining One
 48569 | Zot:1    | Reached XP level 25. HP: 199/297 MP: 6/39
 48902 | Depths:4 | Was forgiven by Okawaru
 49111 | Zot:1    | Reached ***** piety under the Shining One
 49197 | Zot:1    | Found a runed translucent gate.
 49197 | Zot:1    | Found a runed translucent gate.
 49198 | Zot:1    | Found a runed translucent gate.
 49200 | Zot:1    | Noticed bronco's ghost (master BaGl)
 49513 | Zot:1    | Killed bronco's ghost
 49620 | Zot:1    | Identified the ring of Trepidation {rPois Int+2}
 49625 | Zot:1    | Identified the +1 pair of boots "Kolog Hie" {rPois Int+3}
 49859 | Zot:2    | You fall into a shaft and drop 1 floor!
 49897 | Zot:3    | Noticed a Killer Klown
 49910 | Zot:3    | a Killer Klown changed into an iron giant
 50590 | Zot:3    | Identified the +7 flail of Biohed {heavy, rPois rC- Will+
                  | Dex+2}
 51155 | Zot:4    | Noticed a Killer Klown
 51164 | Zot:4    | Reached ****** piety under the Shining One
 51211 | Zot:4    | Killed a Killer Klown
 51288 | Zot:4    | Noticed an orb of fire
 51305 | Zot:4    | Killed an orb of fire
 51503 | Zot:4    | Reached XP level 26. HP: 136/312 MP: 28/40
 51564 | Zot:4    | Identified the +2 spear of Ubyih {spect, rElec Will+ Str+3}
 51815 | Zot:5    | Entered Level 5 of the Realm of Zot
 52643 | Zig:1    | Entered Level 1 of a ziggurat
 52654 | Zig:1    | Identified the +0 helmet of Day {rPois Str+2 Dex+2}
 52663 | Zig:2    | Entered Level 2 of a ziggurat
 52681 | Zig:2    | Reached XP level 27. HP: 323/323 MP: 25/40
 52684 | Zig:3    | Entered Level 3 of a ziggurat
 52697 | Zig:3    | Acquired 989 gold pieces
 52712 | Zig:4    | Entered Level 4 of a ziggurat
 52715 | Zig:4    | Found the +5 consecrated labrys {holy, Valiant Fragile Fly
                  | SInv}
 52733 | Zig:4    | Identified a +9 eveningstar of holy wrath (a +9 eveningstar
                  | of protection blessed by the Shining One)
 52733 | Zig:4    | Received a gift from the Shining One
 52734 | Zig:4    | Acquired 1122 gold pieces
 52738 | Zig:5    | Entered Level 5 of a ziggurat
 52744 | Zig:5    | Found the +9 scales of the Dragon King {rPois rF+ rC+
                  | Will+}
 52752 | Zig:5    | Identified the +2 triple crossbow of the Writhing Saviour
                  | {speed, rCorr Str+4}
 52754 | Zig:5    | Identified the +4 dire flail "Jellyslayer" {venom, +Blink
                  | rPois rC+ Dex-4}
 52794 | Zig:6    | Entered Level 6 of a ziggurat
 52828 | Zig:6    | Identified the +2 war axe "Efriuq" {freeze, rElec rN++
                  | Int+3}
 52839 | Zig:6    | Learned a level 5 spell: Fireball
 52840 | Zig:7    | Entered Level 7 of a ziggurat
 52865 | Zig:8    | Entered Level 8 of a ziggurat
 52902 | Zig:8    | Identified the +1 arbalest of Doom {penet, rC+}
 52916 | Zig:8    | Identified the ring of the Queen {rN+ Str+4}
 53050 | Zig:9    | Entered Level 9 of a ziggurat
 53067 | Zig:9    | Identified the +8 long sword of the Black Skies {speed,
                  | SInv Stlth+}
 53120 | Zig:10   | Entered Level 10 of a ziggurat
 53249 | Depths:3 | Voluntarily entered the Abyss.
 53514 | Abyss:1  | Found a corrupted altar of Lugonu.
 53515 | Abyss:1  | Found a corrupted altar of Lugonu.
 53515 | Abyss:1  | Found a corrupted altar of Lugonu.
 53523 | Abyss:1  | Found a corrupted altar of Lugonu.
 53554 | Abyss:2  | Found a broken altar of Ashenzari.
 53678 | Abyss:2  | Found a corrupted altar of Lugonu.
 53679 | Abyss:2  | Found a blossoming altar of Fedhas.
 54024 | Abyss:3  | Found a shadowy altar of Dithmenos.
 54056 | Abyss:3  | Found a shadowy altar of Dithmenos.
 54056 | Abyss:3  | Found a shadowy altar of Dithmenos.
 54299 | Abyss:3  | Found a corrupted altar of Lugonu.
 54309 | Abyss:3  | Found a corrupted altar of Lugonu.
 54348 | Depths:3 | Escaped the Abyss
 54381 | Depths:3 | Voluntarily entered the Abyss.
 54632 | Abyss:3  | Found a corrupted altar of Lugonu.
 54760 | Abyss:3  | Found a corrupted altar of Lugonu.
 54787 | Depths:3 | Escaped the Abyss
 55005 | Depths:3 | Voluntarily entered the Abyss.
 55057 | Abyss:4  | Found a corrupted altar of Lugonu.
 55168 | Abyss:5  | Noticed an ancient lich
 55178 | Abyss:5  | Killed an ancient lich
 55185 | Abyss:6  | Found a corrupted altar of Lugonu.
 55216 | Abyss:6  | Found a corrupted altar of Lugonu.
 55269 | Abyss:6  | Found a corrupted altar of Lugonu.
 55290 | Abyss:6  | Gained mutation: Your body sometimes deteriorates upon
                  | taking damage. [a neqoxec]
 55343 | Abyss:6  | Found a corrupted altar of Lugonu.
 55398 | Abyss:6  | Found a corrupted altar of Lugonu.
 55483 | Abyss:6  | Noticed a dread lich
 55521 | Abyss:6  | Killed a dread lich
 55612 | Abyss:7  | Entered Level 7 of the Abyss
 55636 | Abyss:7  | Found a corrupted altar of Lugonu.
 55886 | Depths:3 | Escaped the Abyss
 55979 | Depths:3 | Voluntarily entered the Abyss.
 55979 | Abyss:7  | Entered Level 7 of the Abyss
 56003 | Abyss:7  | Noticed a dread lich
 56011 | Abyss:7  | Killed a dread lich
 56022 | Abyss:7  | Found a corrupted altar of Lugonu.
 56022 | Abyss:7  | Found a corrupted altar of Lugonu.
 56032 | Abyss:7  | Got an abyssal rune of Zot
 56090 | Abyss:7  | Reached skill level 15 in Invocations
 56151 | Depths:3 | Escaped the Abyss
 56387 | Depths:2 | Upgraded the game from 0.30-a0-743-gbfdf073431 to
                  | 0.30-a0-772-g5528072125
 56389 | Pan      | Entered Pandemonium
 56972 | Pan      | Noticed Qeweinte the pandemonium lord
 57084 | Abyss:7  | Entered Level 7 of the Abyss
 57084 | Abyss:7  | Cast into level 7 of the Abyss (+1 demon trident of
                  | distortion)
 57086 | Abyss:7  | Noticed an ancient lich
 57102 | Abyss:7  | Killed an ancient lich
 57111 | Abyss:7  | Found a corrupted altar of Lugonu.
 57195 | Abyss:7  | HP: 14/337 [hellephant/blast of flame (30)]
 57197 | Abyss:7  | Noticed a dread lich
 57202 | Abyss:7  | HP: 14/338 [profane servitor/+1 vampiric demon whip (11)]
 57204 | Abyss:7  | Reached skill level 15 in Dodging
 57207 | Abyss:7  | Killed a dread lich
 57211 | Abyss:7  | HP: 11/339 [ynoxinul/iron shot (14)]
 57230 | Pan      | Escaped the Abyss
 57442 | Pan      | Killed Qeweinte the pandemonium lord
 57462 | Pan      | Got a demonic rune of Zot
 57623 | Pan      | Entered the realm of Mnoleg.
 57632 | Pan      | Gained mutation: You are very vulnerable to heat. (rF--) [a
                  | cacodemon]
 57685 | Pan      | Gained mutation: You are very dopey. (Int -4) [a neqoxec]
 57725 | Pan      | Noticed Mnoleg
 57742 | Pan      | Gained mutation: You are partially covered in iridescent
                  | scales. (AC +2) [Mnoleg's mutagenic touch]
 57751 | Pan      | Killed Mnoleg
 57812 | Pan      | Got a glowing rune of Zot
 57901 | Pan      | Gained mutation: Potions are less effective at restoring
                  | your health. [a cacodemon]
 58155 | Depths:2 | Escaped Pandemonium
 58157 | Pan      | Entered Pandemonium
 58164 | Pan      | Identified the +1 leather armour of Dishonesty {rPois
                  | Regen+ SInv}
 58665 | Pan      | Entered the realm of Cerebov.
 58682 | Pan      | Got the Treatise on Xenomorphic Soot
 58775 | Pan      | Found the +6 sword of Cerebov {flame}
 58775 | Pan      | Noticed Cerebov
 58788 | Pan      | Identified the +12 falchion of Integrity {venom, rC+}
 58827 | Pan      | Killed Cerebov
 58858 | Pan      | Identified the +3 scale mail of Noughts and Crosses {Int+2}
 58859 | Pan      | Identified the +6 scale mail of Exclusion {rN+ Str-2 SInv}
 58921 | Pan      | Got a fiery rune of Zot
 59039 | Pan      | Identified the +0 robe of Asceticism {rElec rF+ Dex+2}
 59186 | Pan      | Identified the +0 spear "Xywniunn" {flame, rCorr Dex+2}
 59264 | Pan      | Identified the +5 scimitar "Kujo" {drain, rElec}
 59839 | Pan      | Noticed Avviax the pandemonium lord
 59855 | Pan      | Entered the realm of Gloorx Vloq.
 60127 | Pan      | Found an exit through the horrors of the Abyss.
 60308 | Pan      | Identified the +3 ring mail "Volin" {Int+2}
 60443 | Pan      | Noticed Gloorx Vloq
 60462 | Pan      | Killed Gloorx Vloq
 60479 | Pan      | Got a dark rune of Zot
 60561 | Pan      | Entered the realm of Lom Lobon.
 60561 | Pan      | Found an exit through the horrors of the Abyss.
 60839 | Pan      | Reached skill level 15 in Spellcasting
 60914 | Pan      | Noticed Lom Lobon
 60946 | Pan      | Got a magical rune of Zot
 61102 | Pan      | Took an exit into the Abyss.
 61102 | Abyss:7  | Escaped into the Abyss
 61102 | Abyss:7  | Entered Level 7 of the Abyss
 61129 | Depths:2 | Escaped the Abyss
 61448 | Crypt:1  | Entered Level 1 of the Crypt
 61770 | Crypt:3  | Entered Level 3 of the Crypt
 62009 | Crypt:2  | Noticed Saint Roka
 62017 | Crypt:2  | Killed Saint Roka
 62202 | Crypt:3  | Identified the +6 trident of Resourcefulness {freeze, Will+
                  | Str-2 Dex+3}
 62233 | Crypt:3  | Identified the ring "Weutuf" {Fire *Corrode rN+ Int+4}
 62390 | Crypt:3  | Found a staircase to the Tomb.
 62493 | Crypt:3  | Found the +10 Black Knight's barding {ponderous, rPois rN+}
 62714 | Crypt:3  | Noticed Jory
 62731 | Crypt:3  | Killed Jory
 62909 | Tomb:1   | Entered Level 1 of the Tomb of the Ancients
 63365 | Tomb:1   | Noticed a royal mummy
 63379 | Tomb:1   | Killed a royal mummy
 63405 | Tomb:2   | Noticed a royal mummy
 63412 | Tomb:2   | Noticed a royal mummy
 63412 | Tomb:2   | Noticed a royal mummy
 63420 | Tomb:2   | Killed a royal mummy
 63425 | Tomb:2   | Killed a royal mummy
 63425 | Tomb:2   | Noticed a royal mummy
 63428 | Tomb:2   | Killed a royal mummy
 63433 | Tomb:2   | Killed a royal mummy
 63972 | Tomb:3   | Entered Level 3 of the Tomb of the Ancients
 63996 | Tomb:3   | Noticed a royal mummy
 64000 | Tomb:3   | Noticed a royal mummy
 64000 | Tomb:3   | Noticed a royal mummy
 64000 | Tomb:3   | Noticed a royal mummy
 64000 | Tomb:3   | Noticed a royal mummy
 64001 | Tomb:3   | Noticed a royal mummy
 64001 | Tomb:3   | Noticed a royal mummy
 64002 | Tomb:3   | Killed a royal mummy
 64002 | Tomb:3   | Killed a royal mummy
 64003 | Tomb:3   | Killed a royal mummy
 64003 | Tomb:3   | Killed a royal mummy
 64003 | Tomb:3   | Killed a royal mummy
 64003 | Tomb:3   | Killed a royal mummy
 64003 | Tomb:3   | Killed a royal mummy
 64005 | Tomb:3   | Noticed a royal mummy
 64008 | Tomb:3   | Noticed a royal mummy
 64009 | Tomb:3   | Killed a royal mummy
 64011 | Tomb:3   | Killed a royal mummy
 64105 | Tomb:3   | Got the Papyrus of Leadership
 64171 | Tomb:3   | Got Rugum's Precepts of the Wild Gargoyle
 64480 | Tomb:3   | Got a golden rune of Zot
 65097 | Hell     | Entered the Vestibule of Hell
 65097 | Hell     | Noticed Geryon
 65319 | Hell     | Killed Geryon
 65412 | Hell     | Found a gateway to the ashen valley of Gehenna.
 65513 | Hell     | Found a gateway to the freezing wastes of Cocytus.
 65706 | Hell     | Found a gateway to the decaying netherworld of Tartarus.
 65874 | Hell     | Found a gateway to the Iron City of Dis.
 65995 | Coc:1    | Entered Level 1 of Cocytus
 66438 | Coc:7    | Entered Level 7 of Cocytus
 66542 | Coc:7    | Paralysed by a wendigo for 1 turns
 66649 | Coc:7    | Noticed Antaeus
 66923 | Coc:7    | Killed Antaeus
 67183 | Coc:7    | Identified the +9 trident "Kasik" {antimagic, rElec rPois
                  | rC- Will++}
 67313 | Coc:7    | Found the +7 Spriggan's Knife {stab, EV+4 Stlth+}
 67319 | Coc:7    | Got an icy rune of Zot
 67321 | Coc:7    | Got the Quarto of Despicable Spells and Momentum
 67503 | Tar:1    | Entered Level 1 of Tartarus
 67571 | Tar:1    | Noticed a dread lich
 68110 | Tar:1    | Killed a dread lich
 68401 | Tar:7    | Entered Level 7 of Tartarus
 68558 | Tar:7    | Identified the +2 morningstar "Dodghataj" {heavy, *Rage rF-
                  | Str+3 Dex+9}
 68616 | Tar:7    | Noticed the Serpent of Hell
 68743 | Tar:7    | Killed the Serpent of Hell
 68824 | Tar:7    | Noticed Ereshkigal
 68856 | Tar:7    | Killed Ereshkigal
 68966 | Tar:7    | Got a bone rune of Zot
 69122 | Geh:1    | Entered Level 1 of Gehenna
 70012 | Geh:7    | Entered Level 7 of Gehenna
 70348 | Geh:7    | Reached skill level 27 in Fighting
 70717 | Geh:7    | Got Eppueb's Quarto of Conjuration
 70730 | Geh:7    | Identified the ring "Odir" {Slay+4 SInv}
 70795 | Geh:7    | Found the +7 sceptre of Asmodeus
 70795 | Geh:7    | Noticed Asmodeus
 70843 | Geh:7    | Killed Asmodeus
 70859 | Geh:7    | Got an obsidian rune of Zot
 71045 | Dis:1    | Entered Level 1 of the Iron City of Dis
 71123 | Dis:2    | Reached skill level 27 in Fire Magic
 71757 | Dis:1    | Lost dexterity.
 71766 | Zig:1    | Entered Level 1 of a ziggurat
 71797 | Zig:2    | Entered Level 2 of a ziggurat
 71885 | Zig:3    | Entered Level 3 of a ziggurat
 71899 | Zig:3    | Identified the +8 quarterstaff "Qivonn" {vamp, *Noise rN+
                  | Int+3}
 71905 | Zig:4    | Entered Level 4 of a ziggurat
 71908 | Zig:4    | Noticed an ancient lich
 71916 | Zig:4    | Killed an ancient lich
 71919 | Zig:4    | Identified the +0 ring mail of Inotzuyg {Rampage *Corrode
                  | *Slow rN+++}
 72041 | Zig:5    | Entered Level 5 of a ziggurat
 72061 | Zig:6    | Entered Level 6 of a ziggurat
 72097 | Zig:6    | Identified the +9 war axe "Demonslayer" {heavy, +Blink
                  | rElec rN+ Stlth-}
 72174 | Zig:7    | Entered Level 7 of a ziggurat
 72215 | Zig:7    | Identified the +10 great sword "Beetleslayer" {antimagic,
                  | rElec Str-4 Dex+3}
 72231 | Zig:8    | Entered Level 8 of a ziggurat
 72237 | Zig:8    | Paralysed by a wendigo for 1 turns
 72260 | Zig:8    | Identified the +0 pair of gloves of Giej {rPois Int+2}
 72329 | Zig:9    | Entered Level 9 of a ziggurat
 72343 | Zig:9    | Identified the +1 eveningstar of Gyirph {venom, *Slow
                  | Str+4}
 72349 | Zig:9    | Identified the +1 plate armour "Tefaoph" {Harm Str+2}
 72391 | Zig:10   | Entered Level 10 of a ziggurat
 72444 | Zig:11   | Entered Level 11 of a ziggurat
 72453 | Zig:11   | Found the +2 shield of Resistance {rF++ rC++ Will++}
 72613 | Zig:12   | Entered Level 12 of a ziggurat
 72639 | Zig:12   | Identified the +1 rapier of Qiamuxt {pain, rCorr Str+2
                  | Int-4 Dex+4}
 72653 | Zig:13   | Entered Level 13 of a ziggurat
 72690 | Zig:13   | Got Sif Muna's Quarto of the Congregation and
                  | Correspondence
 72754 | Zig:14   | Entered Level 14 of a ziggurat
 72762 | Zig:14   | Noticed a royal mummy
 72764 | Zig:14   | Noticed a royal mummy
 72774 | Zig:14   | Killed a royal mummy
 72778 | Zig:14   | Killed a royal mummy
 72811 | Zig:14   | Identified the +3 leather armour "Tobbelof" {Harm +Inv
                  | Int+3}
 72812 | Zig:14   | Identified the amulet "Musaocwa" {Reflect rF+ SH+5}
 72844 | Zig:15   | Entered Level 15 of a ziggurat
 72904 | Zig:15   | Identified the amulet "Hiqih" {Reflect Rampage rF- rC+
                  | Str+3 SH+5}
 72913 | Zig:15   | Identified the ring of Biabaug {rC+ EV+5 Dex+4 Stlth-}
 72921 | Zig:15   | Got Kekkeh's Guidebook on Guile and Attacks
 73030 | Zig:16   | Entered Level 16 of a ziggurat
 73034 | Zig:16   | Noticed a royal mummy
 73035 | Zig:16   | Noticed a royal mummy
 73039 | Zig:16   | Noticed a royal mummy
 73042 | Zig:16   | Killed a royal mummy
 73046 | Zig:16   | Killed a royal mummy
 73052 | Zig:16   | Killed a royal mummy
 73120 | Zig:16   | Identified the ring "Fontoiqe" {rC+ Will+ Str+4}
 73147 | Zig:16   | Identified the +11 ice dragon scales "Ruzieg" {rElec rF-
                  | rC++ Str-3 Int+7 Dex+3}
 73391 | Dis:2    | You fall into a shaft and drop 1 floor!
 74428 | Pan      | Entered Pandemonium
 74434 | Pan      | Lost mutation: You are extremely robust. (+30% HP) [a
                  | cacodemon]
 74436 | Pan      | Gained mutation: You occasionally shout uncontrollably at
                  | your foes. [a neqoxec]
 74437 | Pan      | Gained mutation: You are clumsy. (Dex -2) [a neqoxec]
 74505 | Pan      | Noticed Vutz the pandemonium lord
 74529 | Pan      | Killed Vutz the pandemonium lord
 74561 | Pan      | Found an exit through the horrors of the Abyss.
 74790 | Pan      | Lost mutation: Your spells are a little harder to cast, but
                  | a little more powerful. [potion of mutation]
 74790 | Pan      | Lost mutation: You occasionally shout uncontrollably at
                  | your foes. [potion of mutation]
 74790 | Pan      | Lost mutation: You are weak. (Str -2) [potion of mutation]
 74790 | Pan      | Lost mutation: You are very dopey. (Int -4) [potion of
                  | mutation]
 74790 | Pan      | Lost mutation: You are dopey. (Int -2) [potion of mutation]
 74790 | Pan      | Gained mutation: You are mostly covered in iridescent
                  | scales. (AC +4) [potion of mutation]
 74790 | Pan      | Gained mutation: Your system is resistant to poisons.
                  | (rPois) [potion of mutation]
 75953 | Pan      | Noticed Deam the pandemonium lord
 75961 | Pan      | Killed Deam the pandemonium lord
 76132 | Depths:2 | Escaped Pandemonium
 76545 | Dis:7    | Entered Level 7 of the Iron City of Dis
 76640 | Dis:7    | Noticed a juggernaut
 76640 | Dis:7    | Noticed a juggernaut
 76942 | Dis:7    | Found the +4 staff of Dispater
 76942 | Dis:7    | Noticed Dispater
 76954 | Dis:7    | Noticed a juggernaut
 76971 | Dis:7    | Killed Dispater
 76976 | Dis:7    | Killed a juggernaut
 76997 | Dis:7    | Got an iron rune of Zot
 77494 | Zot:5    | Noticed an orb of fire
 77499 | Zot:5    | Noticed an orb of fire
 77505 | Zot:5    | Gained mutation: You occasionally lose the ability to drink
                  | potions when taking damage. [an orb of fire]
 77510 | Zot:5    | Gained mutation: You are extremely vulnerable to heat.
                  | (rF---) [an orb of fire]
 77513 | Zot:5    | Killed an orb of fire
 77530 | Zot:5    | Gained mutation: You sometimes lose your temper in combat.
                  | [an orb of fire]
 77531 | Zot:5    | Killed an orb of fire
 77535 | Zot:5    | Noticed an ancient lich
 77543 | Zot:5    | Noticed a dread lich
 77546 | Zot:5    | Killed an ancient lich
 77546 | Zot:5    | Noticed a dread lich
 77553 | Zot:5    | Killed a dread lich
 77560 | Zot:5    | Noticed an ancient lich
 77562 | Zot:5    | Killed a dread lich
 77574 | Zot:5    | Noticed an orb of fire
 77580 | Zot:5    | Killed an ancient lich
 77585 | Zot:5    | Killed an orb of fire
 77727 | Zot:5    | Noticed an ancient lich
 77737 | Zot:5    | Killed an ancient lich
 77760 | Zot:5    | Noticed an ancient lich
 77761 | Zot:5    | Got the Orb of Zot
 77822 | Zot:1    | Noticed Wiowkeg the pandemonium lord
 77926 | Depths:4 | Noticed Onefean the pandemonium lord
 78123 | D:11     | Noticed a seraph
 78357 | D:$      | Escaped with the Orb!

Illustrated notes

Levels and vault maps discovered:
D:1:      grunt_arrival_lava_bath, layout_rooms, serial_rivers,
          chequers_serial_rivers_micro_e, chequers_serial_rivers_small_a,
          chequers_serial_rivers_micro_b, chequers_serial_rivers_micro_b,
          chequers_serial_rivers_marsh, chequers_serial_rivers_small_3,
          ebering_ecumenical_altar_webs, nicolae_wormholes
D:2:      layout_rooms, minmay_pentomino_pile
D:3:      layout_loops_ring, zin_treasury, minmay_cut_off, uniq_robin
D:4:      layout_loops_ring, dancing_weapons_uskayaw, minmay_temple_entry_ruins,
          enter_ossuary_5, uniq_natasha, uniq_sigmund, uniq_duvessa, uniq_edmund
D:5:      layout_loops_ring, old_standard_altar, tso_altar
D:6:      layout_cave_pools, uniq_pikel
D:7:      layout_cave_pools, mainiacjoe_overflow_paths, serial_shops,
          shop_fountains, nicolae_take_the_stairs
D:8:      layout_basic, marbit_many_paths, serial_demonic, serial_demonic_e,
          serial_demonic_a, serial_demonic_d, serial_demonic_g,
          serial_demonic_c, serial_demonic_d, serial_demonic_a, serial_shops,
          nicolae_shop_hallway_stairs, hangedman_decor_riveting
D:9:      layout_basic, amcnicky_altar_gilded, trog_book,
          mainiacjoe_overflow_surrounded_room, mainiacjoe_overflow_alcove_2,
          uniq_harold, uniq_grum
D:10:     layout_irregular_city, grunt_gozag_statues, st_stairs_5,
          dk_noncrumbling_3, onia_ninara_cookie, uniq_erolcha
D:11:     minmay_bubble_buster, layout_cave_pools, lair_entry_dummy
D:12:     layout_basic, serial_shops, shop
D:13:     four-leaf_vault, layout_basic, skrybe_vaults_entry_preservation,
          chequers_serial_rivers_room_a, uniq_josephine
D:14:     layout_cave_pools, gauntlet_entry_generic, minmay_misc_feat_rows,
          kennysheep_generic_room_14, uniq_azrael
D:15:     grunt_enter_depths_snipers, layout_stronghold,
          chequers_serial_rivers_small_3
Temple:   jpeg_temple_clearing
Lair:1:   layout_chaotic_city, basic_altar, uniq_amaemon
Lair:2:   layout_misc_corridors, guppyfry_snake_entry_garden,
          minmay_shattered_shrine
Lair:3:   layout_regular_city, shoals_dummy_entry, lemuel_fruit_fields
Lair:4:   beast_lair_carwin_large_1, layout_cellular_growth,
          serial_bayou_shore_a
Lair:5:   hangedman_lair_tendril_chambers, layout_gridlike,
          guppyfry_lair_end_dragon, slime_entry_1, kennysheep_rathole
Shoals:1: cheibrodos_shoals_gigantism, layout_shoals, uniq_jorgrun, uniq_kirke,
          uniq_mlioglotl
Shoals:2: layout_shoals, uniq_louise, uniq_aizul, uniq_frances
Shoals:3: layout_shoals, uniq_bai_suzhen, uniq_polyphemus
Shoals:4: shoals_end_grunt_garden, layout_shoals, serial_shops, shop,
          nicolae_shoals_sun_and_surf
Snake:1:  layout_onion, serial_bayou, serial_bayou_pond_e, serial_bayou_shore_b,
          serial_bayou_pond_d, serial_bayou_shore_b, serial_bayou_crossing,
          serial_bayou_lagoon_b, serial_bayou_shore_b
Snake:2:  nicolae_snake_nest, layout_onion, nicolae_snake_serpentine_bazaar
Snake:3:  layout_basic
Snake:4:  grunt_snake_rune_pools, layout_grid_maze, serial_shops,
          nicolae_shop_statue_plus, minmay_shop_grid_forest, drop_trap,
          lemuel_fruit_tree
Slime:1:  layout_caves
Slime:2:  layout_caves
Slime:3:  layout_caves
Slime:4:  layout_caves, cheibrodos_slime_lost_civilization_4
Slime:5
Orc:1:    layout_caves, serial_shops, shop, uniq_fannar
Orc:2:    st_orc_open, layout_caves, basic_altar, uniq_maurice
Elf:1:    minmay_elf_arrival_summoners, layout_rooms,
          gammafunk_ghost_fury_of_okawaru, hangedman_elven_crosses_minicolossus,
          uniq_donald
Elf:2:    elven_hall_of_blades_hangedman_original
          [nicolae_blade_entry_floor_patterns], layout_geoelf_grid
Elf:3:    minmay_elf_hall_x, layout_loops_ring, serial_shops,
          nicolae_lakefront_shop, nicolae_shop_hallway_plus, drop_trap,
          st_stairs_4
Vaults:1: mu_enter_wizlab_3, vaults_room_grid, nicolae_vaults_what_the_h,
          v_rooms_1, nicolae_vaults_little_squares_1, vaults_mumra_hexcomb,
          ontoclasm_vaults_twist, nicolae_vaults_display_case,
          ontoclasm_vaults_ligature, nicolae_vaults_little_ls,
          hangedman_vaults_stretched_pinwheel, dpeg_vaults_monster_row,
          grunt_vaults_hallway_short, v_misc_22, vaults_room_pools,
          layout_vaults_ring, uniq_zenata
Vaults:2: ebering_ghost_rock_garden, grunt_vaults_diagonal,
          hangedman_vaults_corner, hangedman_vaults_pinch, vaults_mumra_hex,
          nicolae_vaults_c_with_doors, vaults_dpeg_doors,
          vaults_standard_mumra_x, vaults_dpeg_emergency_exit,
          nicolae_vaults_mini_display_case, v_misc_13, layout_vaults_big_cross
Vaults:3: ontoclasm_vaults_fault, v_misc_11, minmay_crypt_entry_nasty_monster,
          vaults_mumra_minichess_inversion, nicolae_vaults_rhombus_7,
          grunt_vaults_hallway_short, ontoclasm_vaults_gateway, v_misc_12,
          nicolae_vaults_theta, vaults_room_guarded_vault,
          layout_vaults_chaotic_city
Vaults:4: v_misc_30, ontoclasm_vaults_ring_large,
          hangedman_vaults_stretched_pinwheel, v_misc_32,
          hangedman_vaults_capsules, v_misc_3, dpeg_vaults_monster_box,
          vaults_room_hangedman_quadrants, nicolae_vaults_little_squares_3,
          vaults_room_semicircle, layout_vaults_quadrants
Vaults:5
Crypt:1:  layout_gridlike, grunt_megastairs_4, grunt_crypt_arrival_guarded_gate,
          uniq_margery
Crypt:2:  layout_gridlike, nicolae_crypt_niches, nicolae_crypt_statuary_hall,
          uniq_saint_roka
Crypt:3:  due_elkab, layout_chaotic_city, grunt_ministairs_6, st_chilly_death
Tomb:1
Tomb:2
Tomb:3
Depths:1: minmay_box_of_statues, layout_basic, enter_ziggurat_c,
          roderic_lattice_octagonal_star, hell_entry, kennysheep_dice,
          serial_bayou_shore_b
Depths:2: minmay_the_grid_triangle_9x9_recursive_3
          [minmay_the_grid_triangle_9x9_fully_insulated_deathbox,
          minmay_the_grid_triangle_9x9_cache,
          minmay_the_grid_triangle_9x9_checkered,
          minmay_the_grid_triangle_9x9_prize_center,
          minmay_the_grid_triangle_9x9_skeleton,
          minmay_the_grid_triangle_9x9_swiss_cheese,
          minmay_the_grid_triangle_9x9_limited_checkers,
          minmay_the_grid_triangle_9x9_sparse_checkered,
          minmay_the_grid_triangle_9x9_shrine], layout_cave_shapes,
          pf_coc_iceberg, minmay_holes, serial_shops,
          nicolae_inconvenience_store, grunt_pan_entry_spiral, elyvilon_altar_5
Depths:3: minmay_haunted_quarter, layout_cave_pools, hell_entry,
          abyss_entry_small_statue_room, dk_noncrumbling_2,
          minmay_staircase_windowed_small, uniq_grunn, uniq_mennas
Depths:4: evilmike_zot_entry_gauntlet, layout_gridlike, serial_shops, shop,
          pf_vacation_house_of_asmodeus
Hell
Dis:1:    layout_gridville, nrook_loot_triangle, hangedman_dis_decor_tower
Dis:2:    layout_gridville
Dis:3:    layout_gridville
Dis:4:    layout_gridville
Dis:5:    hangedman_dis_decor_blocks_crown, layout_subdivisions
Dis:6:    layout_gridville, nicolae_dis_big_boring_drill
Dis:7:    dis_grunt_layers
Geh:1:    layout_gehenna_pools_triple, lemuel_flamethrower_2
Geh:2:    layout_gehenna_pools_box, nicolae_geh_gnashing_of_teeth
Geh:3:    layout_gehenna_lava_caves
Geh:4:    layout_gehenna_pools_basic
Geh:5:    layout_gehenna_lava_caves
Geh:6:    layout_gehenna_pools_triple, minmay_fire_ice_demons
Geh:7:    geh_old
Coc:1:    layout_ice_bergs
Coc:2:    nicolae_coc_hellspring, layout_cocytus_water_paths
Coc:3:    layout_cocytus_water_paths
Coc:4:    layout_ice_bergs
Coc:5:    layout_cocytus_water_paths
Coc:6:    layout_ice_bergs
Coc:7:    coc_mu
Tar:1:    layout_catacombs
Tar:2:    layout_grid_maze
Tar:3:    layout_cathedral_of_symmetry
Tar:4:    layout_catacombs
Tar:5:    layout_grid_maze
Tar:6:    layout_grid_maze
Tar:7:    tar_old
Zot:1:    layout_misc_corridors, gammafunk_ghost_tricky_traps
Zot:2:    layout_misc_corridors
Zot:3:    layout_twisted_circle
Zot:4:    layout_onion_interference, uniq_josephina
Zot:5:    layout_onion

Skill      XL: |  1  2  3  4  5  6  7  8  9 10 11 12 13 14 15 16 17 18 19 20 21 22 23 24 25 26 27 |
---------------+----------------------------------------------------------------------------------+-----
Maces & Flails | 3 4 5 6 7 8 11 13 14 15 16 17 26 | 26.2
Fighting       | 3 5 7 8 10 11 12 13 14 15 16 17 27 | 27.0
Armour         | 4 7 9 11 12 13 15 16 17 18 19 25 | 25.7
Evocations     | 3 5 7 9 10 11 12 | 12.0
Shields        | 3 6 8 9 11 12 14 15 16 17 20 | 20.9
Dodging        | 2 3 4 5 6 7 8 9 10 11 20 | 20.6
Invocations    | 1 3 5 6 7 8 9 10 12 20 | 20.3
Spellcasting   | 3 4 5 7 9 11 12 13 21 | 21.0
Fire Magic     | 2 5 7 10 13 17 20 22 27 | 27.0
Throwing       | 2 4 5 |  5.0
Conjurations   | |  2.6

Action                     |  1- 3 |  4- 6 |  7- 9 | 10-12 | 13-15 | 16-18 | 19-21 | 22-24 | 25-27 || total
---------------------------+-------+-------+-------+-------+-------+-------+-------+-------+-------++-------
  Melee: Mace              |   105 |   259 |       |       |       |       |       |       |       ||   364
         Tailslap          |     8 |    34 |    44 |   180 |   337 |   365 |   529 |   603 |  2206 ||  4306
         Punch             |     1 |     4 |     5 |     2 |       |       |       |       |       ||    12
         Flail             |       |    16 |   344 |   989 |   336 |       |       |       |       ||  1685
         Demon whip        |       |       |       |       |  1398 |  1761 |  2075 |  1209 |       ||  6443
         Eveningstar       |       |       |       |       |       |       |       |   851 |  2685 ||  3536
         Sacred scourge    |       |       |       |       |       |       |       |       |  4568 ||  4568
  Throw: Throwing net      |       |       |       |     1 |       |       |     1 |     1 |     4 ||     7
   Cast: Ignition          |       |       |       |       |       |       |       |    38 |   386 ||   424
         Starburst         |       |       |       |       |       |       |       |     5 |    11 ||    16
         Kindle Blastspark |       |       |       |       |       |       |       |     3 |       ||     3
         Fireball          |       |       |       |       |       |       |       |       |     1 ||     1
 Invoke: Heroism           |       |       |       |     1 |     3 |     9 |     8 |     4 |       ||    25
         Finesse           |       |       |       |       |       |     6 |     2 |       |       ||     8
         Divine Shield     |       |       |       |       |       |       |       |     4 |    27 ||    31
         Summon Divine War |       |       |       |       |       |       |       |       |    11 ||    11
         Cleansing Flame   |       |       |       |       |       |       |       |       |     8 ||     8
         Brand Weapon With |       |       |       |       |       |       |       |       |     1 ||     1
Ability: Evoke Blink       |       |       |       |       |       |       |       |       |     1 ||     1
  Evoke: Wand              |       |       |     4 |    11 |    15 |    18 |    16 |    23 |    45 ||   132
         Lightning rod     |       |       |       |       |       |     9 |     9 |     4 |    12 ||    34
         Tin of tremorston |       |       |       |       |       |       |     4 |     2 |     4 ||    10
         Condenser vane    |       |       |       |       |       |       |     1 |       |       ||     1
         Phantom mirror    |       |       |       |       |       |       |       |     1 |     5 ||     6
         Box of beasts     |       |       |       |       |       |       |       |       |    10 ||    10
         Figurine of a zig |       |       |       |       |       |       |       |       |     1 ||     1
    Use: Scroll            |     1 |     9 |    13 |     7 |     7 |    11 |    14 |     8 |    56 ||   126
         Potion            |       |     7 |     1 |     3 |     3 |     8 |     4 |     4 |    69 ||    99
   Stab: Invisible         |       |     1 |       |       |       |       |       |       |       ||     1
         Sleeping          |       |       |     1 |     1 |     1 |       |       |       |       ||     3
         Distracted        |       |       |       |     2 |       |       |     1 |       |       ||     3
         Petrified         |       |       |       |       |     3 |     1 |       |       |       ||     4
         Petrifying        |       |       |       |       |     1 |       |       |       |       ||     1
         Held in net/web   |       |       |       |       |       |       |     3 |       |       ||     3
 Armour: Chain mail        |    62 |   199 |    42 |       |       |       |       |       |       ||   303
         Leather armour    |     7 |       |   162 |   406 |   171 |       |       |       |       ||   746
         Pearl dragon scal |       |       |       |       |   424 |   641 |   304 |       |       ||  1369
         Quicksilver drago |       |       |       |       |       |       |   238 |   887 |  3225 ||  4350
         Skin              |       |       |       |       |       |       |       |       |   697 ||   697
         Ice dragon scales |       |       |       |       |       |       |       |       |   298 ||   298
  Dodge: Dodged            |    22 |    77 |   152 |   391 |   594 |   482 |   460 |   813 |  3216 ||  6207
  Block: Buckler           |       |       |       |   170 |   520 |   595 |    92 |   475 |  3915 ||  5767
         Reflection        |       |       |       |       |    24 |   103 |     8 |    44 |   299 ||   478
         Tower shield      |       |       |       |       |       |       |  1708 |  1229 |       ||  2937
         Kite shield       |       |       |       |       |       |       |       |       |   781 ||   781

Table legend: (Time is in decaauts)
 A = Elapsed time spent in this place.
 B = Non-inter-level travel time spent in this place.
 C = Inter-level travel time spent in this place.
 D = Time resting spent in this place.
 E = Time spent auto-exploring this place.
 F = Levels seen in this place.
 G = Mean time per level.
                   A        B        C        D        E       F      G
               +--------+--------+--------+--------+--------+-----+--------+
         Total |  72339 |  65021 |   7318 |   8907 |  29672 | 147 |  492.1 |
       Dungeon |  14597 |  12771 |   1826 |   1513 |   7554 |  15 |  973.1 |
        Temple |     90 |     78 |     12 |      0 |     57 |   1 |   90.0 |
          Lair |   4915 |   4426 |    489 |    249 |   2987 |   5 |  983.0 |
        Shoals |   2683 |   2508 |    175 |      0 |   1434 |   4 |  670.8 |
     Snake Pit |   4263 |   4111 |    152 |    917 |   1876 |   4 | 1065.8 |
    Slime Pits |   1022 |    893 |    129 |     89 |    235 |   5 |  204.4 |
  Orcish Mines |   2182 |   1937 |    245 |    583 |    682 |   2 | 1091.0 |
   Elven Halls |   3459 |   2844 |    615 |    467 |   1371 |   3 | 1153.0 |
        Vaults |   6943 |   6273 |    670 |    215 |   3864 |   5 | 1388.6 |
         Crypt |   1401 |   1065 |    336 |      0 |    482 |   3 |  467.0 |
          Tomb |   1827 |   1648 |    179 |    355 |    456 |   3 |  609.0 |
        Depths |   6766 |   5585 |   1181 |   1281 |   2849 |   4 | 1691.5 |
          Hell |   1933 |   1693 |    240 |    885 |    311 |   1 | 1933.0 |
           Dis |   1624 |   1375 |    249 |    388 |     92 |   7 |  232.0 |
       Gehenna |   1641 |   1534 |    107 |    237 |    100 |   7 |  234.4 |
       Cocytus |   1259 |   1214 |     45 |    203 |    154 |   7 |  179.9 |
      Tartarus |   1366 |   1161 |    205 |    212 |    239 |   7 |  195.1 |
           Zot |   3832 |   3376 |    456 |    115 |   1951 |   5 |  766.4 |
         Abyss |   2078 |   2078 |      0 |      0 |    608 |  12 |  173.2 |
   Pandemonium |   5467 |   5467 |      0 |    487 |   1855 |  18 |  303.7 |
      Ziggurat |   1892 |   1892 |      0 |    707 |     18 |  26 |   72.8 |
       Ossuary |    308 |    308 |      0 |      0 |     72 |   1 |  308.0 |
        Wizlab |    473 |    473 |      0 |      0 |    235 |   1 |  473.0 |
      Gauntlet |    309 |    309 |      0 |      0 |    190 |   1 |  309.0 |
               +--------+--------+--------+--------+--------+-----+--------+

Top non-repeatable levels by time:
Depths:2: 2058 daAuts
Depths:4: 1991 daAuts
    Hell: 1933 daAuts
Vaults:4: 1899 daAuts
 Snake:4: 1785 daAuts
   Elf:3: 1672 daAuts
  Lair:5: 1435 daAuts
Depths:3: 1373 daAuts
    D:10: 1348 daAuts
Vaults:2: 1347 daAuts
    D:13: 1344 daAuts
Depths:1: 1343 daAuts
    D:15: 1342 daAuts
Vaults:1: 1285 daAuts
     D:4: 1272 daAuts
